Workbook
Name \c: [1]SID_NI_5!#REF!
Name \c: [1]SID_NI_5!#REF!
Name \p: [1]SID_NI_5!#REF!
Name \p: [1]SID_NI_5!#REF!
Name ___CCM30: #REF!
Name ___CCM30: #REF!
Name ___CCM30: #REF!
Name ___la2: #REF!
Name ___la2: #REF!
Name ___la2: #REF!
Name ___PCM30: #REF!
Name ___PCM30: #REF!
Name ___PCM30: #REF!
Name ___PLA2: #REF!
Name ___PLA2: #REF!
Name ___PTB10: #REF!
Name ___PTB10: #REF!
Name ___TB10: #REF!
Name ___TB10: #REF!
Name ___TCB4: [2]TLCB5!$I$31
Name ___TCM30: '[3]Mat. Bet.'!$F$25
Name ___TOT6: #REF!
Name ___TOT6: #REF!
Name ___TOT6: #REF!
Name ___TOT7: #REF!
Name ___TOT7: #REF!
Name ___TOT7: #REF!
Name ___TSD2: #REF!
Name ___TSD2: #REF!
Name ___TSD2: #REF!
Name __CAP20: #REF!
Name __CAP20: #REF!
Name __CCM30: #REF!
Name __CCM30: #REF!
Name __DAR02: [4]Serviços!#REF!
Name __DAR02: [4]Serviços!#REF!
Name __DAR02: [4]Serviços!#REF!
Name __EDA01: [4]Serviços!#REF!
Name __EDA01: [4]Serviços!#REF!
Name __EDA01: [4]Serviços!#REF!
Name __HCB5: [5]COMPMOTSER!$H$76
Name __la2: #REF!
Name __la2: #REF!
Name __la2: #REF!
Name __LS1: #REF!
Name __LS1: #REF!
Name __LS1: #REF!
Name __LS2: #REF!
Name __LS2: #REF!
Name __LS2: #REF!
Name __MFC01: [4]Serviços!#REF!
Name __MFC01: [4]Serviços!#REF!
Name __MFC01: [4]Serviços!#REF!
Name __PC31: #REF!
Name __PC31: #REF!
Name __PCB5: '[4]Serv. Adm.'!$H$297
Name __PCM30: #REF!
Name __PCM30: #REF!
Name __PCM30: #REF!
Name __PLA2: #REF!

Sheet COMP N DESON
D1: B.D.I. | F1: Encargos Sociais
D2: SERVIÇOS: 22,00% | F2: Não Desonerado
A4: OBRA: MANUTENÇÃO DE 80 (OITENTA) PONTES DE MADEIRA EM ESTRADAS VICINAIS NO MUNICIPIO DE CAMPO GRANDE - MS | F4: SINAPI - 06/2023 - MS SBC - 06/2023 - MS SICRO - 04/2023 - MS AGESUL - 06/2023 - MS
A5: COMPOSIÇÕES
A6: Código | B6: Banco | C6: Descrição | D6: Und | E6: Quant. | F6: Valor Unit | G6: Total
A7: PM_06 | B7: Próprio | C7: DESMONTE DE RODEIRO | D7: m | E7: 1 | F7: 59.42 | G7: 59.42
A8: 90776 | B8: SINAPI | C8: ENCARREGADO GERAL COM ENCARGOS COMPLEMENTARES | D8: H | E8: 0.45 | F8: 26.91 | G8: 12.1
A9: 88316 | B9: SINAPI | C9: SERVENTE COM ENCARGOS COMPLEMENTARES | D9: H | E9: 2.5 | F9: 18.93 | G9: 47.32
A13: Código | B13: Banco | C13: Descrição | D13: Und | E13: Quant. | F13: Valor Unit | G13: Total
A14: PM_05 | B14: Próprio | C14: DESMONTE DE ASSOALHO | D14: m | E14: 1 | F14: 63.51 | G14: 63.51
A15: 90776 | B15: SINAPI | C15: ENCARREGADO GERAL COM ENCARGOS COMPLEMENTARES | D15: H | E15: 0.25 | F15: 26.91 | G15: 6.72
A16: 88316 | B16: SINAPI | C16: SERVENTE COM ENCARGOS COMPLEMENTARES | D16: H | E16: 3 | F16: 18.93 | G16: 56.79
A20: Código | B20: Banco | C20: Descrição | D20: Und | E20: Quant. | F20: Valor Unit | G20: Total
A21: PM03 | B21: Próprio | C21: DESMONTE DE VIGAMENTO SIMPLES | D21: m | E21: 1 | F21: 102.63 | G21: 102.63
A22: 90776 | B22: SINAPI | C22: ENCARREGADO GERAL COM ENCARGOS COMPLEMENTARES | D22: H | E22: 1 | F22: 26.91 | G22: 26.91
A23: 88316 | B23: SINAPI | C23: SERVENTE COM ENCARGOS COMPLEMENTARES | D23: H | E23: 4 | F23: 18.93 | G23: 75.72
A27: Código | B27: Banco | C27: Descrição | D27: Und | E27: Quant. | F27: Valor Unit | G27: Total
A28: PM10 | B28: Próprio | C28: DESMONTE DE VIGAMENTO ARMADO | D28: jgxm | E28: 1 | F28: 218.71 | G28: 218.71
A29: 90776 | B29: SINAPI | C29: ENCARREGADO GERAL COM ENCARGOS COMPLEMENTARES | D29: H | E29: 2.5 | F29: 26.91 | G29: 67.27
A30: 88316 | B30: SINAPI | C30: SERVENTE COM ENCARGOS COMPLEMENTARES | D30: H | E30: 8 | F30: 18.93 | G30: 151.44
A34: Código | B34: Banco | C34: Descrição | D34: Und | E34: Quant. | F34: Valor Unit | G34: Total
A35: PM_01 | B35: Próprio | C35: DESMONTE DE JOGOS DE ESTEIOS (H<2,00 m) | D35: jgxm | E35: 1 | F35: 69.94 | G35: 69.94
A36: 90776 | B36: SINAPI | C36: ENCARREGADO GERAL COM ENCARGOS COMPLEMENTARES | D36: H | E36: 0.7 | F36: 26.91 | G36: 18.83
A37: 88316 | B37: SINAPI | C37: SERVENTE COM ENCARGOS COMPLEMENTARES | D37: H | E37: 2.7 | F37: 18.93 | G37: 51.11
A41: Código | B41: Banco | C41: Descrição | D41: Und | E41: Quant. | F41: Valor Unit | G41: Total
A42: PM_02 | B42: Próprio | C42: DESMONTE DE JOGOS DE ESTEIO (H>2,00 M) | D42: jg x m | E42: 1 | F42: 141.78 | G42: 141.78
A43: 90776 | B43: SINAPI | C43: ENCARREGADO GERAL COM ENCARGOS COMPLEMENTARES | D43: H | E43: 1.4 | F43: 26.91 | G43: 37.67
A44: 88316 | B44: SINAPI | C44: SERVENTE COM ENCARGOS COMPLEMENTARES | D44: H | E44: 5.5 | F44: 18.93 | G44: 104.11
A48: Código | B48: Banco | C48: Descrição | D48: Und | E48: Quant. | F48: Valor Unit | G48: Total
A49: PM09 | B49: Próprio | C49: DESMONTE DE CAIXÃO DE ATERRO | D49: m² | E49: 1 | F49: 66.06 | G49: 66.06
A50: 90776 | B50: SINAPI | C50: ENCARREGADO GERAL COM ENCARGOS COMPLEMENTARES | D50: H | E50: 1.4 | F50: 26.91 | G50: 37.67
A51: 88316 | B51: SINAPI | C51: SERVENTE COM ENCARGOS COMPLEMENTARES | D51: H | E51: 1.5 | F51: 18.93 | G51: 28.39
A55: Código | B55: Banco | C55: Descrição | D55: Und | E55: Quant. | F55: Valor Unit | G55: Total
A56: PM_07 | B56: Próprio | C56: DESMONTE DE GUIA DE RODAS | D56: m | E56: 1 | F56: 35.11 | G56: 35.11
A57: 90776 | B57: SINAPI | C57: ENCARREGADO GERAL COM ENCARGOS COMPLEMENTARES | D57: H | E57: 0.25 | F57: 26.91 | G57: 6.72
A58: 88316 | B58: SINAPI | C58: SERVENTE COM ENCARGOS COMPLEMENTARES | D58: H | E58: 1.5 | F58: 18.93 | G58: 28.39
A62: Código | B62: Banco | C62: Descrição | D62: Und | E62: Quant. | F62: Valor Unit | G62: Total
A63: RODEIRO - 1 | B63: Próprio | C63: MONTAGEM DE RODEIRO COM SUBSTITUIÇÃO DE FERRAGENS | D63: m | E63: 1 | F63: 127.1 | G63: 127.1
A64: 90776 | B64: SINAPI | C64: ENCARREGADO GERAL COM ENCARGOS COMPLEMENTARES | D64: H | E64: 0.2 | F64: 26.91 | G64: 5.38
A65: 88316 | B65: SINAPI | C65: SERVENTE COM ENCARGOS COMPLEMENTARES | D65: H | E65: 2 | F65: 18.93 | G65: 37.86
A66: ABRAÇADEIRA 1 | B66: Próprio | C66: ABRAÇADEIRA 1/2" TIPO ESTRIBO 25X120X25 cm | D66: kg | E66: 1.50903 | F66: 46.77 | G66: 70.57
A67: M1205 | B67: SICRO | C67: Prego de ferro | D67: kg | E67: 0.7143 | F67: 18.6156 | G67: 13.29
A71: Código | B71: Banco | C71: Descrição | D71: Und | E71: Quant. | F71: Valor Unit | G71: Total
A72: ASSOALHO - 1 | B72: Próprio | C72: MONTAGEM DE ASSOALHO COM SUBSTITUIÇÃO DE FERRAGENS | D72: m | E72: 1 | F72: 93.35 | G72: 93.35
A73: 90776 | B73: SINAPI | C73: ENCARREGADO GERAL COM ENCARGOS COMPLEMENTARES | D73: H | E73: 0.3333 | F73: 26.91 | G73: 8.96
A74: 88316 | B74: SINAPI | C74: SERVENTE COM ENCARGOS COMPLEMENTARES | D74: H | E74: 2 | F74: 18.93 | G74: 37.86
A75: M1205 | B75: SICRO | C75: Prego de ferro | D75: kg | E75: 2.5 | F75: 18.6156 | G75: 46.53
A79: Código | B79: Banco | C79: Descrição | D79: Und | E79: Quant. | F79: Valor Unit | G79: Total
A80: GUIA DE RODA - 1 | B80: Próprio | C80: MONTAGEM DE GUIA DE RODA COM SUBSTITUIÇÃO DE FERRAGENS | D80: m | E80: 1 | F80: 8.21 | G80: 8.21
A81: 90776 | B81: SINAPI | C81: ENCARREGADO GERAL COM ENCARGOS COMPLEMENTARES | D81: H | E81: 0.0083 | F81: 26.91 | G81: 0.22
A82: 88316 | B82: SINAPI | C82: SERVENTE COM ENCARGOS COMPLEMENTARES | D82: H | E82: 0.25 | F82: 18.93 | G82: 4.73
A83: 00004335 | B83: SINAPI | C83: PARAFUSO FRANCES ZINCADO, DIAMETRO 1/2", COMPRIMENTO 12", COM PORCA E ARRUELA LISA MEDIA | D83: UN | E83: 0.1863 | F83: 17.5 | G83: 3.26
A87: Código | B87: Banco | C87: Descrição | D87: Und | E87: Quant. | F87: Valor Unit | G87: Total
A88: PM26 | B88: Próprio | C88: CONSTRUÇÃO DE RODEIRO | D88: m | E88: 1 | F88: 688.43 | G88: 688.43
A89: 90776 | B89: SINAPI | C89: ENCARREGADO GERAL COM ENCARGOS COMPLEMENTARES | D89: H | E89: 0.2 | F89: 26.91 | G89: 5.38
A90: 88316 | B90: SINAPI | C90: SERVENTE COM ENCARGOS COMPLEMENTARES | D90: H | E90: 2 | F90: 18.93 | G90: 37.86
A91: ABRAÇADEIRA 1 | B91: Próprio | C91: ABRAÇADEIRA 1/2" TIPO ESTRIBO 25X120X25 cm | D91: kg | E91: 1.50903 | F91: 46.77 | G91: 70.57
A92: MADEIRA SERRADA 3 | B92: Próprio | C92: PRANCHA DE 0,06X0,225 m (MADEIRA SERRADA) | D92: m³ | E92: 0.108 | F92: 5197.5 | G92: 561.33
A93: M1205 | B93: SICRO | C93: Prego de ferro | D93: kg | E93: 0.7143 | F93: 18.6156 | G93: 13.29
A97: Código | B97: Banco | C97: Descrição | D97: Und | E97: Quant. | F97: Valor Unit | G97: Total
A98: PM25 | B98: Próprio | C98: CONSTRUÇÃO DE ASSOALHO | D98: m | E98: 1 | F98: 1496.67 | G98: 1496.67
A99: 90776 | B99: SINAPI | C99: ENCARREGADO GERAL COM ENCARGOS COMPLEMENTARES | D99: H | E99: 0.3333 | F99: 26.91 | G99: 8.96
A100: 88316 | B100: SINAPI | C100: SERVENTE COM ENCARGOS COMPLEMENTARES | D100: H | E100: 2 | F100: 18.93 | G100: 37.86
A101: MADEIRA SERRADA 5 | B101: Próprio | C101: PRANCHA DE 0,16X0,08 M | D101: m³ | E101: 0.27 | F101: 5197.5 | G101: 1403.32
A102: M1205 | B102: SICRO | C102: Prego de ferro | D102: kg | E102: 2.5 | F102: 18.6156 | G102: 46.53
A106: Código | B106: Banco | C106: Descrição | D106: Und | E106: Quant. | F106: Valor Unit | G106: Total
A107: PM23 | B107: Próprio | C107: CONSTRUÇÃO DE VIGAMENTO SIMPLES(INCLUSIVE SUBVIGAS) | D107: m | E107: 1 | F107: 4289.95 | G107: 4289.95
A108: 90776 | B108: SINAPI | C108: ENCARREGADO GERAL COM ENCARGOS COMPLEMENTARES | D108: H | E108: 1 | F108: 26.91 | G108: 26.91
A109: 88316 | B109: SINAPI | C109: SERVENTE COM ENCARGOS COMPLEMENTARES | D109: H | E109: 5 | F109: 18.93 | G109: 94.65
A110: MADEIRA SERRADA 2 | B110: Próprio | C110: VIGA DE 0,25X0,30 M | D110: m³ | E110: 0.675 | F110: 5197.5 | G110: 3508.31
A111: PARAFUSO 3 | B111: Próprio | C111: PARAFUSO 1"X0,65 m | D111: kg | E111: 10.348 | F111: 44.16 | G111: 456.96
A112: PARAFUSO 4 | B112: Próprio | C112: PARAFUSO 1" X 0,60 m | D112: kg | E112: 4.7737 | F112: 42.55 | G112: 203.12
A116: Código | B116: Banco | C116: Descrição | D116: Und | E116: Quant. | F116: Valor Unit | G116: Total
A117: PM24 | B117: Próprio | C117: CONSTRUÇÃO DE VIGAMENTO ARMADO(INCLUSIVE TODO MADEIRAMENTO) | D117: m | E117: 1 | F117: 6105.94 | G117: 6105.94
A118: PARAFUSO 4 | B118: Próprio | C118: PARAFUSO 1" X 0,60 m | D118: kg | E118: 4.2962 | F118: 42.55 | G118: 182.8
A119: PARAFUSO 5 | B119: Próprio | C119: PARAFUSO DE 1" X 0,57 M | D119: KG | E119: 1.2093 | F119: 42.6 | G119: 51.51
A120: PARAFUSO 6 | B120: Próprio | C120: PARAFUSO DE 1"X0,87 M | D120: kg | E120: 1.6458 | F120: 42.55 | G120: 70.02
A121: PARAFUSO 7 | B121: Próprio | C121: PARAFUSO DE 1"X0,90 M | D121: kg | E121: 0.9547 | F121: 42.55 | G121: 40.62
A122: PARAFUSO 8 | B122: Próprio | C122: PARAFUSO DE 1"X0,30 M | D122: kg | E122: 0.6365 | F122: 42.55 | G122: 27.08
A123: PARAFUSO 9 | B123: Próprio | C123: PARAFUSO DE 1"X0,37 M | D123: kg | E123: 3.925 | F123: 42.55 | G123: 167
A124: PARAFUSO 10 | B124: Próprio | C124: PARAFUSO DE 1"X0,66 M | D124: m | E124: 5.6011 | F124: 42.55 | G124: 238.32
A125: CHAPA 1 | B125: Próprio | C125: CHAPA DE 1/2"X8"X1,40 M | D125: kg | E125: 7.536 | F125: 12.5 | G125: 94.2
A126: ABRAÇADEIRA 2 | B126: Próprio | C126: ABRAÇADEIRA EM "U" DE 1"X1,75 M | D126: kg | E126: 1.8564 | F126: 31.93 | G126: 59.27
A127: CHAPA 2 | B127: Próprio | C127: CHAPA PÉ DE GALINHA 3/8"X0,07 M | D127: kg | E127: 3.1211 | F127: 12.5 | G127: 39.01
A128: CHAPA 3 | B128: Próprio | C128: CHAPA DE 3/8"X0,07X0,67 M | D128: kg | E128: 1.901 | F128: 12.5 | G128: 23.76
... A136: MADEIRA SERRADA 13 | B136: Próprio | C136: Prancha de 0,08 x 0,25 m | D136: m | E136: 0.032 | F136: 5197.5 | G136: 166.32
A140: Código | B140: Banco | C140: Descrição | D140: Und | E140: Quant. | F140: Valor Unit | G140: Total
A141: PM19 | B141: Próprio | C141: FUNDAÇÃO POR BATE ESTACA MECÂNICO | D141: jg x m | E141: 1 | F141: 2378.21 | G141: 2378.21
A142: 90776 | B142: SINAPI | C142: ENCARREGADO GERAL COM ENCARGOS COMPLEMENTARES | D142: H | E142: 3.3333 | F142: 26.91 | G142: 89.69
A143: 88316 | B143: SINAPI | C143: SERVENTE COM ENCARGOS COMPLEMENTARES | D143: H | E143: 16.6666 | F143: 18.93 | G143: 315.49
A144: 89843 | B144: SINAPI | C144: BATE-ESTACAS POR GRAVIDADE, POTÊNCIA DE 160 HP, PESO DO MARTELO ATÉ 3 TONELADAS - CHP DIURNO. AF_11/2014 | D144: CHP | E144: 1 | F144: 197.67 | G144: 197.67
A145: 89218 | B145: SINAPI | C145: BATE-ESTACAS POR GRAVIDADE, POTÊNCIA DE 160 HP, PESO DO MARTELO ATÉ 3 TONELADAS - CHI DIURNO. AF_11/2014 | D145: CHI | E145: 2.3333 | F145: 92.62 | G145: 216.11
A146: MADEIRA SERRADA 1 | B146: Próprio | C146: ESTEIOS(25X30) CM | D146: m³ | E146: 0.3 | F146: 5197.5 | G146: 1559.25
A150: Código | B150: Banco | C150: Descrição | D150: Und | E150: Quant. | F150: Valor Unit | G150: Total
A151: PM 21 | B151: Próprio | C151: CONSTRUÇÃO DE JOGO DE ESTEIOS COM H<2,00 M (INCL TRAV SUP) | D151: jg x m | E151: 1 | F151: 3304.53 | G151: 3304.53
A152: 90776 | B152: SINAPI | C152: ENCARREGADO GERAL COM ENCARGOS COMPLEMENTARES | D152: H | E152: 0.6666 | F152: 26.91 | G152: 17.93
A153: 88316 | B153: SINAPI | C153: SERVENTE COM ENCARGOS COMPLEMENTARES | D153: H | E153: 3.3333 | F153: 18.93 | G153: 63.09
A154: MADEIRA SERRADA 2 | B154: Próprio | C154: VIGA DE 0,25X0,30 M | D154: m³ | E154: 0.578 | F154: 5197.5 | G154: 3004.15
A155: PARAFUSO 1 | B155: Próprio | C155: PARAFUSO 1"X72 cm | D155: kg | E155: 5.092 | F155: 43.08 | G155: 219.36
A159: Código | B159: Banco | C159: Descrição | D159: Und | E159: Quant. | F159: Valor Unit | G159: Total
...

Sheet PLAN N DESON
E1: Bancos | G1: B.D.I. | I1: Encargos Sociais
E2: SINAPI - 06/2023 - MS SBC - 06/2023 - MS SICRO - 04/2023 - MS AGESUL - 06/2023 - MS | G2: SERVIÇOS: 22,00% | I2: Não Desonerado
A3: OBRA: MANUTENÇÃO DE 80 (OITENTA) PONTES DE MADEIRA EM ESTRADAS VICINAIS NO MUNICIPIO DE CAMPO GRANDE - MS
A4: PLANILHA DE SERVIÇOS
A5: Item | B5: Código | C5: Banco | D5: Descrição | E5: Und | F5: Quant. | G5: Valor Unit | H5: Valor Unit com BDI | I5: Total | J5: Peso (%)
A6: 1 | D6: DESMONTE DE PONTE | I6: 264957.54 | J6: 0.055241912
A7: 1.1 | B7: PM_06 | C7: Próprio | D7: DESMONTE DE RODEIRO | E7: m | F7: 942.08 | G7: 59.42 | H7: 72.49 | I7: 68291.37 | J7: 0.014238304
A8: 1.2 | B8: PM_05 | C8: Próprio | D8: DESMONTE DE ASSOALHO | E8: m | F8: 942.08 | G8: 63.51 | H8: 77.48 | I8: 72992.35 | J8: 0.015218427
A9: 1.3 | B9: PM03 | C9: Próprio | D9: DESMONTE DE VIGAMENTO SIMPLES | E9: m | F9: 112.36 | G9: 102.63 | H9: 125.2 | I9: 14067.47 | J9: 0.0029329754
A10: 1.4 | B10: PM10 | C10: Próprio | D10: DESMONTE DE VIGAMENTO ARMADO | E10: jgxm | F10: 54 | G10: 218.71 | H10: 266.82 | I10: 14408.28 | J10: 0.0030040321
A11: 1.5 | B11: PM_01 | C11: Próprio | D11: DESMONTE DE JOGOS DE ESTEIOS (H<2,00 m) | E11: jgxm | F11: 12.11 | G11: 69.94 | H11: 85.32 | I11: 1033.22 | J11: 0.00021541961
A12: 1.6 | B12: PM_02 | C12: Próprio | D12: DESMONTE DE JOGOS DE ESTEIO (H>2,00 M) | E12: jg x m | F12: 89.27 | G12: 141.78 | H12: 172.97 | I12: 15441.03 | J12: 0.0032193537
A13: 1.7 | B13: PM09 | C13: Próprio | D13: DESMONTE DE CAIXÃO DE ATERRO | E13: m² | F13: 476.17 | G13: 66.06 | H13: 80.59 | I13: 38374.54 | J13: 0.0080008404
A14: 1.8 | B14: PM_07 | C14: Próprio | D14: DESMONTE DE GUIA DE RODAS | E14: m | F14: 942.08 | G14: 35.11 | H14: 42.83 | I14: 40349.28 | J14: 0.0084125607
A15: 2 | D15: MONTAGEM DE PONTE | I15: 262793.21 | J15: 0.054790664
A16: 2.1 | B16: RODEIRO - 1 | C16: Próprio | D16: MONTAGEM DE RODEIRO COM SUBSTITUIÇÃO DE FERRAGENS | E16: m | F16: 942.08 | G16: 127.1 | H16: 155.06 | I16: 146078.92 | J16: 0.030456498
A17: 2.2 | B17: ASSOALHO - 1 | C17: Próprio | D17: MONTAGEM DE ASSOALHO COM SUBSTITUIÇÃO DE FERRAGENS | E17: m | F17: 942.08 | G17: 93.35 | H17: 113.88 | I17: 107284.07 | J17: 0.022368026
A18: 2.3 | B18: GUIA DE RODA - 1 | C18: Próprio | D18: MONTAGEM DE GUIA DE RODA COM SUBSTITUIÇÃO DE FERRAGENS | E18: m | F18: 942.08 | G18: 8.21 | H18: 10.01 | I18: 9430.22 | J18: 0.0019661391
A19: 3 | D19: CONSTRUÇÃO DE PONTE | I19: 3337364 | J19: 0.69581854
A20: 3.1 | B20: PM26 | C20: Próprio | D20: CONSTRUÇÃO DE RODEIRO | E20: m | F20: 235.52 | G20: 688.43 | H20: 839.88 | I20: 197808.53 | J20: 0.041241784
A21: 3.2 | B21: PM25 | C21: Próprio | D21: CONSTRUÇÃO DE ASSOALHO | E21: m | F21: 235.52 | G21: 1496.67 | H21: 1825.93 | I21: 430043.03 | J21: 0.089661156
A22: 3.3 | B22: PM23 | C22: Próprio | D22: CONSTRUÇÃO DE VIGAMENTO SIMPLES(INCLUSIVE SUBVIGAS) | E22: m | F22: 112.36 | G22: 4289.95 | H22: 5233.73 | I22: 588061.9 | J22: 0.12260706
A23: 3.4 | B23: PM24 | C23: Próprio | D23: CONSTRUÇÃO DE VIGAMENTO ARMADO(INCLUSIVE TODO MADEIRAMENTO) | E23: m | F23: 54 | G23: 6105.94 | H23: 7449.24 | I23: 402258.96 | J23: 0.08386836
A24: 3.5 | B24: PM19 | C24: Próprio | D24: FUNDAÇÃO POR BATE ESTACA MECÂNICO | E24: jg x m | F24: 212.9 | G24: 2378.21 | H24: 2901.41 | I24: 617710.18 | J24: 0.12878853
A25: 3.6 | B25: PM 21 | C25: Próprio | D25: CONSTRUÇÃO DE JOGO DE ESTEIOS COM H<2,00 M (INCL TRAV SUP) | E25: jg x m | F25: 12.11 | G25: 3304.53 | H25: 4031.52 | I25: 48821.7 | J25: 0.010179005
A26: 3.7 | B26: PM22 | C26: Próprio | D26: CONSTRUÇÃO DE JOGOS DE ESTEIOS COM H>2,00 M(CONTR TRAV SUP E INF) | E26: jg x m | F26: 89.27 | G26: 5667.04 | H26: 6913.78 | I26: 617193.14 | J26: 0.12868073
A27: 3.8 | B27: PM29 | C27: Próprio | D27: CONSTRUÇÃO DE CAIXÃO DE ATERRO | E27: m² | F27: 476.17 | G27: 629.87 | H27: 768.44 | I27: 365908.07 | J27: 0.076289437
A28: 3.9 | B28: PM27 | C28: Próprio | D28: CONSTRUÇÃO DE GUIA DE RODAS | E28: m | F28: 235.52 | G28: 242.09 | H28: 295.34 | I28: 69558.47 | J28: 0.014502486
A29: 4 | D29: MATERIAIS DE PONTE | I29: 458623.94 | J29: 0.095620089
A30: 4.1 | B30: PM36 | C30: Próprio | D30: FORNECIMENTO E IMPLANTAÇÃO PLACA SINALIZAÇÃO SEMI-REFLETIVA | E30: m² | F30: 81.28 | G30: 366.86 | H30: 447.56 | I30: 36377.67 | J30: 0.007584506
A31: 4.2 | B31: PM39 | C31: Próprio | D31: CONSTRUÇÃO DE PONTE BRANCA | E31: m³ | F31: 1955.67 | G31: 89.87 | H31: 109.64 | I31: 214419.65 | J31: 0.044705093
A32: 4.3 | B32: PM41 | C32: Próprio | D32: BARRACÃO DE OBRA | E32: m² | F32: 192 | G32: 477.46 | H32: 582.5 | I32: 111840 | J32: 0.023317908
A33: 4.4 | B33: PM30 | C33: Próprio | D33: PINTURA DE PONTE | E33: m | F33: 1177.6 | G33: 57.13 | H33: 69.69 | I33: 82066.94 | J33: 0.01711042
A34: 4.5 | B34: INF0001 | C34: Próprio | D34: PLACA DE IDENTIFICAÇÃO DE OBRA PÚBLICA EM CHAPA DE AÇO GALVANIZADO - FORNECIMENTO E IMPLANTAÇÃO. INCLUSIVE PINTURA E ADESIVOS, ESTRUTURA E SUPORTE DE MADEIRA | E34: M² | F34: 32 | G34: 356.55 | H34: 434.99 | I34: 13919.68 | J34: 0.0029021622
A35: 5 | D35: TERRAPLENAGEM | I35: 58663.17 | J35: 0.012230887
A36: 5.1 | B36: 102304 | C36: SINAPI | D36: ESCAVAÇÃO MECANIZADA DE VALA COM PROF. MAIOR QUE 1,5 M ATÉ 3,0 M (MÉDIA MONTANTE E JUSANTE/UMA COMPOSIÇÃO POR TRECHO), RETROESCAV. (0,26 M3 ),LARG. MENOR QUE 0,8 M, EM SOLO MOLE, LOCAIS COM BAIXO NÍVEL DE INTERFERÊNCIA. AF_02/2021 | E36: m³ | F36: 1272.52 | G36: 7.45 | H36: 9.08 | I36: 11554.48 | J36: 0.0024090334
A37: 5.2 | B37: 93382 | C37: SINAPI | D37: REATERRO MANUAL DE VALAS COM COMPACTAÇÃO MECANIZADA. AF_04/2016 | E37: m³ | F37: 1272.52 | G37: 30.35 | H37: 37.02 | I37: 47108.69 | J37: 0.0098218535
A38: 6 | D38: ESTRUTURA CONCRETO | I38: 37171.8 | J38: 0.0077500769
A39: 6.1 | B39: TRAVAMENTO ESTEIO | C39: Próprio | D39: TRAVAMENTO DE ESTEIO EM CONCRETO | E39: m³ | F39: 22.5 | G39: 1354.17 | H39: 1652.08 | I39: 37171.8 | J39: 0.0077500769
A40: 7 | D40: TRANSPORTE | I40: 145605.23 | J40: 0.030357737
A41: 7.1 | B41: 5915012 | C41: SICRO3 | D41: Transporte com caminhão carroceria com capacidade de 11 t e com guindauto de 45 t.m - rodovia em leito natural | E41: tkm | F41: 12960.85 | G41: 2.24 | H41: 2.73 | I41: 35383.12 | J41: 0.0073771489
A42: 7.2 | B42: 5915014 | C42: SICRO3 | D42: Transporte com caminhão carroceria com capacidade de 11 t e com guindauto de 45 t.m - rodovia pavimentada | E42: tkm | F42: 62626.2 | G42: 1.45 | H42: 1.76 | I42: 110222.11 | J42: 0.022980588
A43: 8 | D43: MOBILIZAÇÃO E DESMOBILIZAÇÃO DE EQUIPAMENTOS | I43: 231134.8 | J43: 0.048190093
A44: 8.1 | B44: SUPMOB | C44: Próprio | D44: MOBILIZAÇÃO E/OU DESLOCAMENTO PARA EXECUÇÃO DOS SERVIÇOS DE REPARO EM PONTES DE MADEIRA (ÁREA RURAL) | E44: UN | F44: 20 | G44: 6088.15 | H44: 7427.54 | I44: 148550.8 | J44: 0.030971869
A45: 8.2 | B45: 92138 | C45: SINAPI | D45: CAMINHONETE COM MOTOR A DIESEL, POTÊNCIA 180 CV, CABINE DUPLA, 4X4 - CHP DIURNO. AF_11/2015 | E45: CHP | F45: 800 | G45: 84.62 | H45: 103.23 | I45: 82584 | J45: 0.017218223
F49: Total Geral | H49: 4796313.7
A51: _______________________________________________________________ Marcos Tedeschi gerente

Sheet PLAN DESON
E1: Bancos | G1: B.D.I. | I1: Encargos Sociais
E2: SINAPI - 06/2023 - MS SBC - 06/2023 - MS SICRO - 04/2023 - MS AGESUL - 06/2023 - MS | G2: SERVIÇOS: 28,17% | I2: Desonerado
A3: OBRA: MANUTENÇÃO DE 80 (OITENTA) PONTES DE MADEIRA EM ESTRADAS VICINAIS NO MUNICIPIO DE CAMPO GRANDE - MS
A4: PLANILHA DE SERVIÇOS
A5: Item | B5: Código | C5: Banco | D5: Descrição | E5: Und | F5: Quant. | G5: Valor Unit | H5: Valor Unit com BDI | I5: Total | J5: Peso (%)
A6: 1 | D6: DESMONTE DE PONTE | I6: 248742.96 | J6: 0.050405866
A7: 1.1 | B7: PM_06 | C7: Próprio | D7: DESMONTE DE RODEIRO | E7: m | F7: 942.08 | G7: 53.16 | H7: 68.13 | I7: 64183.91 | J7: 0.01300638
A8: 1.2 | B8: PM_05 | C8: Próprio | D8: DESMONTE DE ASSOALHO | E8: m | F8: 942.08 | G8: 56.99 | H8: 73.04 | I8: 68809.52 | J8: 0.013943725
A9: 1.3 | B9: PM03 | C9: Próprio | D9: DESMONTE DE VIGAMENTO SIMPLES | E9: m | F9: 112.36 | G9: 91.64 | H9: 117.45 | I9: 13196.68 | J9: 0.0026742067
A10: 1.4 | B10: PM10 | C10: Próprio | D10: DESMONTE DE VIGAMENTO ARMADO | E10: jgxm | F10: 54 | G10: 195.02 | H10: 249.95 | I10: 13497.3 | J10: 0.002735125
A11: 1.5 | B11: PM_01 | C11: Próprio | D11: DESMONTE DE JOGOS DE ESTEIOS (H<2,00 m) | E11: jgxm | F11: 12.11 | G11: 62.43 | H11: 80.01 | I11: 968.92 | J11: 0.00019634426
A12: 1.6 | B12: PM_02 | C12: Próprio | D12: DESMONTE DE JOGOS DE ESTEIO (H>2,00 M) | E12: jg x m | F12: 89.27 | G12: 126.59 | H12: 162.25 | I12: 14484.05 | J12: 0.0029350824
A13: 1.7 | B13: PM09 | C13: Próprio | D13: DESMONTE DE CAIXÃO DE ATERRO | E13: m² | F13: 476.17 | G13: 58.43 | H13: 74.88 | I13: 35655.6 | J13: 0.0072253357
A14: 1.8 | B14: PM_07 | C14: Próprio | D14: DESMONTE DE GUIA DE RODAS | E14: m | F14: 942.08 | G14: 31.43 | H14: 40.28 | I14: 37946.98 | J14: 0.0076896665
A15: 2 | D15: MONTAGEM DE PONTE | I15: 261606.18 | J15: 0.0530125
A16: 2.1 | B16: RODEIRO - 1 | C16: Próprio | D16: MONTAGEM DE RODEIRO COM SUBSTITUIÇÃO DE FERRAGENS | E16: m | F16: 942.08 | G16: 120.52 | H16: 154.47 | I16: 145523.09 | J16: 0.029489146
A17: 2.2 | B17: ASSOALHO - 1 | C17: Próprio | D17: MONTAGEM DE ASSOALHO COM SUBSTITUIÇÃO DE FERRAGENS | E17: m | F17: 942.08 | G17: 88.43 | H17: 113.34 | I17: 106775.34 | J17: 0.021637209
A18: 2.3 | B18: GUIA DE RODA - 1 | C18: Próprio | D18: MONTAGEM DE GUIA DE RODA COM SUBSTITUIÇÃO DE FERRAGENS | E18: m | F18: 942.08 | G18: 7.71 | H18: 9.88 | I18: 9307.75 | J18: 0.0018861446
A19: 3 | D19: CONSTRUÇÃO DE PONTE | I19: 3468812.1 | J19: 0.70292835
A20: 3.1 | B20: PM26 | C20: Próprio | D20: CONSTRUÇÃO DE RODEIRO | E20: m | F20: 235.52 | G20: 681.85 | H20: 873.92 | I20: 205825.63 | J20: 0.041708996
A21: 3.2 | B21: PM25 | C21: Próprio | D21: CONSTRUÇÃO DE ASSOALHO | E21: m | F21: 235.52 | G21: 1491.75 | H21: 1911.97 | I21: 450307.17 | J21: 0.091251318
A22: 3.3 | B22: PM23 | C22: Próprio | D22: CONSTRUÇÃO DE VIGAMENTO SIMPLES(INCLUSIVE SUBVIGAS) | E22: m | F22: 112.36 | G22: 4261 | H22: 5461.32 | I22: 613633.91 | J22: 0.12434824
A23: 3.4 | B23: PM24 | C23: Próprio | D23: CONSTRUÇÃO DE VIGAMENTO ARMADO(INCLUSIVE TODO MADEIRAMENTO) | E23: m | F23: 54 | G23: 6048.17 | H23: 7751.93 | I23: 418604.22 | J23: 0.084826957
A24: 3.5 | B24: PM19 | C24: Próprio | D24: FUNDAÇÃO POR BATE ESTACA MECÂNICO | E24: jg x m | F24: 212.9 | G24: 2311.81 | H24: 2963.04 | I24: 630831.21 | J24: 0.12783314
A25: 3.6 | B25: PM 21 | C25: Próprio | D25: CONSTRUÇÃO DE JOGO DE ESTEIOS COM H<2,00 M (INCL TRAV SUP) | E25: jg x m | F25: 12.11 | G25: 3290.86 | H25: 4217.89 | I25: 51078.64 | J25: 0.010350697
A26: 3.7 | B26: PM22 | C26: Próprio | D26: CONSTRUÇÃO DE JOGOS DE ESTEIOS COM H>2,00 M(CONTR TRAV SUP E INF) | E26: jg x m | F26: 89.27 | G26: 5616.51 | H26: 7198.68 | I26: 642626.16 | J26: 0.1302233
A27: 3.8 | B27: PM29 | C27: Próprio | D27: CONSTRUÇÃO DE CAIXÃO DE ATERRO | E27: m² | F27: 476.17 | G27: 627.52 | H27: 804.29 | I27: 382978.76 | J27: 0.077607729
A28: 3.9 | B28: PM27 | C28: Próprio | D28: CONSTRUÇÃO DE GUIA DE RODAS | E28: m | F28: 235.52 | G28: 241.59 | H28: 309.64 | I28: 72926.41 | J28: 0.014777981
A29: 4 | D29: MATERIAIS DE PONTE | I29: 470500.23 | J29: 0.095343288
A30: 4.1 | B30: PM36 | C30: Próprio | D30: FORNECIMENTO E IMPLANTAÇÃO PLACA SINALIZAÇÃO SEMI-REFLETIVA | E30: m² | F30: 81.28 | G30: 359.18 | H30: 460.36 | I30: 37418.06 | J30: 0.0075824848
A31: 4.2 | B31: PM39 | C31: Próprio | D31: CONSTRUÇÃO DE PONTE BRANCA | E31: m³ | F31: 1955.67 | G31: 88.93 | H31: 113.98 | I31: 222907.26 | J31: 0.045170458
A32: 4.3 | B32: PM41 | C32: Próprio | D32: BARRACÃO DE OBRA | E32: m² | F32: 192 | G32: 461.36 | H32: 591.32 | I32: 113533.44 | J32: 0.023006687
A33: 4.4 | B33: PM30 | C33: Próprio | D33: PINTURA DE PONTE | E33: m | F33: 1177.6 | G33: 54.52 | H33: 69.87 | I33: 82278.91 | J33: 0.016673194
A34: 4.5 | B34: INF0001 | C34: Próprio | D34: PLACA DE IDENTIFICAÇÃO DE OBRA PÚBLICA EM CHAPA DE AÇO GALVANIZADO - FORNECIMENTO E IMPLANTAÇÃO. INCLUSIVE PINTURA E ADESIVOS, ESTRUTURA E SUPORTE DE MADEIRA | E34: M² | F34: 32 | G34: 350.19 | H34: 448.83 | I34: 14362.56 | J34: 0.0029104634
A35: 5 | D35: TERRAPLENAGEM | I35: 56334.45 | J35: 0.011415747
A36: 5.1 | B36: 102304 | C36: SINAPI | D36: ESCAVAÇÃO MECANIZADA DE VALA COM PROF. MAIOR QUE 1,5 M ATÉ 3,0 M (MÉDIA MONTANTE E JUSANTE/UMA COMPOSIÇÃO POR TRECHO), RETROESCAV. (0,26 M3 ),LARG. MENOR QUE 0,8 M, EM SOLO MOLE, LOCAIS COM BAIXO NÍVEL DE INTERFERÊNCIA. AF_02/2021 | E36: m³ | F36: 1272.52 | G36: 7.08 | H36: 9.07 | I36: 11541.75 | J36: 0.0023388477
A37: 5.2 | B37: 93382 | C37: SINAPI | D37: REATERRO MANUAL DE VALAS COM COMPACTAÇÃO MECANIZADA. AF_04/2016 | E37: m³ | F37: 1272.52 | G37: 27.47 | H37: 35.2 | I37: 44792.7 | J37: 0.0090768995
A38: 6 | D38: ESTRUTURA CONCRETO | I38: 37662.75 | J38: 0.0076320694
A39: 6.1 | B39: TRAVAMENTO ESTEIO | C39: Próprio | D39: TRAVAMENTO DE ESTEIO EM CONCRETO | E39: m³ | F39: 22.5 | G39: 1306 | H39: 1673.9 | I39: 37662.75 | J39: 0.0076320694
A40: 7 | D40: TRANSPORTE | I40: 151285.14 | J40: 0.030656781
A41: 7.1 | B41: 5915012 | C41: SICRO3 | D41: Transporte com caminhão carroceria com capacidade de 11 t e com guindauto de 45 t.m - rodovia em leito natural | E41: tkm | F41: 12960.85 | G41: 2.21 | H41: 2.83 | I41: 36679.2 | J41: 0.0074327605
A42: 7.2 | B42: 5915014 | C42: SICRO3 | D42: Transporte com caminhão carroceria com capacidade de 11 t e com guindauto de 45 t.m - rodovia pavimentada | E42: tkm | F42: 62626.2 | G42: 1.43 | H42: 1.83 | I42: 114605.94 | J42: 0.023224021
A43: 8 | D43: MOBILIZAÇÃO E DESMOBILIZAÇÃO DE EQUIPAMENTOS | I43: 239858 | J43: 0.048605397
A44: 8.1 | B44: SUPMOB | C44: Próprio | D44: MOBILIZAÇÃO E/OU DESLOCAMENTO PARA EXECUÇÃO DOS SERVIÇOS DE REPARO EM PONTES DE MADEIRA (ÁREA RURAL) | E44: UN | F44: 20 | G44: 6066.71 | H44: 7775.7 | I44: 155514 | J44: 0.031513728
A45: 8.2 | B45: 92138 | C45: SINAPI | D45: CAMINHONETE COM MOTOR A DIESEL, POTÊNCIA 180 CV, CABINE DUPLA, 4X4 - CHP DIURNO. AF_11/2015 | E45: CHP | F45: 800 | G45: 82.26 | H45: 105.43 | I45: 84344 | J45: 0.017091669
F49: Total Geral | H49: 4934801.8
A51: _______________________________________________________________ Marcos Tedeschi gerente

Sheet RESUMO
A2: PREFEITURA MUNICIPAL DE CAMPO GRANDE
A3: SECRETARIA MUNICIPAL DE INFRAESTRUTURA E SERVIÇOS PÚBLICOS - SISEP
A4: SUPERINTENDÊNCIA DE SERVIÇOS PÚBLICOS - GERENCIA DE MANUTENÇÃO DE VIAS RURAIS
A5: QUADRO COMPARATIVO DOS ORÇAMENTOS
A8: OBRA: MANUTENÇÃO DE 80 (OITENTA) PONTES DE MADEIRA EM ESTRADAS VICINAIS NO MUNICIPIO DE CAMPO GRANDE - MS
D12: NÃO DESONERADO
C13: BANCOS: | D13: SINAPI - 06/2023 - MS SBC - 06/2023 - MS SICRO - 04/2023 - MS AGESUL - 06/2023 - MS
C14: BDI SERVIÇOS: | D14: 0.22
A15: Item | B15: Descrição | D15: Total | E15: Peso (%)
A16: 1 | B16: ='CRONOGRAMA '!B13 -> DESMONTE DE PONTE | D16: ='PLAN N DESON'!$I$6 -> 264957.54 | E16: =D16/$D$24 -> 0.055241912
A17: 2 | B17: MONTAGEM DE PONTE | D17: ='PLAN N DESON'!$I$15 -> 262793.21 | E17: =D17/$D$24 -> 0.054790664
A18: 3 | B18: CONSTRUÇÃO DE PONTE | D18: ='PLAN N DESON'!$I$19 -> 3337364 | E18: =D18/$D$24 -> 0.69581854
A19: 4 | B19: ='CRONOGRAMA '!B19 -> MATERIAIS DE PONTE | D19: ='PLAN N DESON'!$I$29 -> 458623.94 | E19: =D19/$D$24 -> 0.095620089
A20: 5 | B20: TERRAPLENAGEM | D20: ='PLAN N DESON'!$I$35 -> 58663.17 | E20: =D20/$D$24 -> 0.012230887
A21: 6 | B21: ESTRUTURA DE CONCRETO | D21: ='PLAN N DESON'!$I$38 -> 37171.8 | E21: =D21/$D$24 -> 0.0077500769
A22: 7 | B22: TRANSPORTE | D22: ='PLAN N DESON'!$I$40 -> 145605.23 | E22: =D22/$D$24 -> 0.030357737
A23: 8 | B23: MOBILIZAÇÃO E DESMOBILIZAÇÃO DE EQUIPAMENTOS | D23: ='PLAN N DESON'!$I$43 -> 231134.8 | E23: =D23/$D$24 -> 0.048190093
C24: Total Geral | D24: =SUM(D16:D23) -> 4796313.7
D26: DESONERADO
C27: DATA/BASE: | D27: SINAPI - 06/2023 - MS SBC - 06/2023 - MS SICRO - 04/2023 - MS AGESUL - 06/2023 - MS
C28: BDI SERVIÇOS: | D28: 0.2817
A29: Item | B29: Descrição | D29: Total | E29: Peso (%)
A30: 1 | B30: DESMONTE DE PONTE | D30: ='PLAN DESON'!I6 -> 248742.96 | E30: =D30/$D$38 -> 0.050405866
A31: 2 | B31: MONTAGEM DE PONTE | D31: ='PLAN DESON'!I15 -> 261606.18 | E31: =D31/$D$38 -> 0.0530125
A32: 3 | B32: CONSTRUÇÃO DE PONTE | D32: ='PLAN DESON'!I19 -> 3468812.1 | E32: =D32/$D$38 -> 0.70292835
A33: 4 | B33: MATERIAIS DE PONTE | D33: ='PLAN DESON'!I29 -> 470500.23 | E33: =D33/$D$38 -> 0.095343288
A34: 5 | B34: TERRAPLENAGEM | D34: ='PLAN DESON'!I35 -> 56334.45 | E34: =D34/$D$38 -> 0.011415747
A35: 6 | B35: ESTRUTURA DE CONCRETO | D35: ='PLAN DESON'!I38 -> 37662.75 | E35: =D35/$D$38 -> 0.0076320694
A36: 7 | B36: TRANSPORTE | D36: ='PLAN DESON'!I40 -> 151285.14 | E36: =D36/$D$38 -> 0.030656781
A37: 8 | B37: MOBILIZAÇÃO E DESMOBILIZAÇÃO DE EQUIPAMENTOS | D37: ='PLAN DESON'!I43 -> 239858 | E37: =D37/$D$38 -> 0.048605397
C38: Total Geral | D38: =SUM(D30:D37) -> 4934801.8
A40: CONCLUSÃO: O ORÇAMENTO ADOTADO UTILIZARÁ ENCARGOS SOCIAIS NÃO DESONERADOS POR SER O DE MENOR CUSTO, SENDO ESTA ALTERNATIVA A MAIS VANTAJOSA PARA A ADMINISTRAÇÃO PÚBLICA.

Sheet CRONOGRAMA 
A1: PREFEITURA MUNICIPAL DE CAMPO GRANDE
A2: SECRETARIA MUNICIPAL DE INFRAESTRUTURA E SERVIÇOS PÚBLICOS - SISEP
A3: SUPERINTENDÊNCIA DE SERVIÇOS PÚBLICOS - GERENCIA DE MANUTENÇÃO DE VIAS RURAIS
G6: ENC. SOCIAIS: S/ DESONERAÇÃO
A7: OBRA: MANUTENÇÃO DE 80 (OITENTA) PONTES DE MADEIRA EM ESTRADAS VICINAIS NO MUNICIPIO DE CAMPO GRANDE - MS | G7: SINAPI - 06/2023 - MS SBC - 06/2023 - MS SICRO - 04/2023 - MS AGESUL - 06/2023 - MS
A8: LOCAL: CAMPO GRANDE-MS | G8: BDI: SERVIÇOS: 22,00%
A10: Cronograma Físico e Financeiro
D11: DIAS
A12: Item | B12: Descrição | C12: Total Por Etapa | D12: 30 | E12: 60 | F12: 90 | G12: 120 | H12: 150 | I12: 180 | J12: 210 | K12: 240 | L12: 270 | M12: 300 | N12: 330 | O12: 360 | P12: TOTAL
A13: 1 | B13: DESMONTE DE PONTE | C13: =RESUMO!D16 -> 264957.54 | D13: =TRUNC(D14*$C$13,2) -> 7948.72 | E13: =TRUNC(E14*$C$13,2) -> 10598.3 | F13: =TRUNC(F14*$C$13,2) -> 15897.45 | G13: =TRUNC(G14*$C$13,2) -> 29145.32 | H13: =TRUNC(H14*$C$13,2) -> 31794.9 | I13: =TRUNC(I14*$C$13,2) -> 31794.9 | J13: =TRUNC(J14*$C$13,2) -> 31794.9 | K13: =TRUNC(K14*$C$13,2) -> 31794.9 | ... N13: =TRUNC(N14*$C$13,2) -> 15897.45 | O13: =C13-SUM(D13:N13) -> 15897.5 | P13: =SUM(D13:O13) -> 264957.54
C14: % | D14: 0.03 | E14: 0.04 | F14: 0.06 | G14: 0.11 | H14: 0.12 | I14: 0.12 | J14: 0.12 | K14: 0.12 | L14: 0.08 | M14: 0.08 | N14: 0.06 | O14: 0.06 | P14: =SUM(D14:O14) -> 1
A15: 2 | B15: MONTAGEM DE PONTE | C15: =RESUMO!D17 -> 262793.21 | D15: =TRUNC(D16*$C$15,2) -> 7883.79 | E15: =TRUNC(E16*$C$15,2) -> 10511.72 | F15: =TRUNC(F16*$C$15,2) -> 15767.59 | G15: =TRUNC(G16*$C$15,2) -> 28907.25 | H15: =TRUNC(H16*$C$15,2) -> 31535.18 | I15: =TRUNC(I16*$C$15,2) -> 31535.18 | J15: =TRUNC(J16*$C$15,2) -> 31535.18 | K15: =TRUNC(K16*$C$15,2) -> 31535.18 | ... N15: =TRUNC(N16*$C$15,2) -> 15767.59 | O15: =C15-SUM(D15:N15) -> 15767.65 | P15: =SUM(D15:O15) -> 262793.21
C16: % | D16: 0.03 | E16: 0.04 | F16: 0.06 | G16: 0.11 | H16: 0.12 | I16: 0.12 | J16: 0.12 | K16: 0.12 | L16: 0.08 | M16: 0.08 | N16: 0.06 | O16: 0.06 | P16: =SUM(D16:O16) -> 1
A17: 3 | B17: CONSTRUÇÃO DE PONTE | C17: =RESUMO!D18 -> 3337364 | D17: =TRUNC(D18*$C$17,2) -> 100120.91 | E17: =TRUNC(E18*$C$17,2) -> 133494.55 | F17: =TRUNC(F18*$C$17,2) -> 200241.83 | G17: =TRUNC(G18*$C$17,2) -> 367110.03 | H17: =TRUNC(H18*$C$17,2) -> 400483.67 | I17: =TRUNC(I18*$C$17,2) -> 400483.67 | J17: =TRUNC(J18*$C$17,2) -> 400483.67 | K17: =TRUNC(K18*$C$17,2) -> 400483.67 | ... N17: =TRUNC(N18*$C$17,2) -> 200241.83 | O17: =C17-SUM(D17:N17) -> 200241.93 | P17: =SUM(D17:O17) -> 3337364
C18: % | D18: 0.03 | E18: 0.04 | F18: 0.06 | G18: 0.11 | H18: 0.12 | I18: 0.12 | J18: 0.12 | K18: 0.12 | L18: 0.08 | M18: 0.08 | N18: 0.06 | O18: 0.06 | P18: =SUM(D18:O18) -> 1
A19: 4 | B19: MATERIAIS DE PONTE | C19: =RESUMO!D19 -> 458623.94 | D19: =TRUNC(D20*$C$19,2) -> 13758.71 | E19: =TRUNC(E20*$C$19,2) -> 18344.95 | F19: =TRUNC(F20*$C$19,2) -> 27517.43 | G19: =TRUNC(G20*$C$19,2) -> 50448.63 | H19: =TRUNC(H20*$C$19,2) -> 55034.87 | I19: =TRUNC(I20*$C$19,2) -> 55034.87 | J19: =TRUNC(J20*$C$19,2) -> 55034.87 | K19: =TRUNC(K20*$C$19,2) -> 55034.87 | ... N19: =TRUNC(N20*$C$19,2) -> 27517.43 | O19: =C19-SUM(D19:N19) -> 27517.49 | P19: =SUM(D19:O19) -> 458623.94
C20: % | D20: 0.03 | E20: 0.04 | F20: 0.06 | G20: 0.11 | H20: 0.12 | I20: 0.12 | J20: 0.12 | K20: 0.12 | L20: 0.08 | M20: 0.08 | N20: 0.06 | O20: 0.06 | P20: =SUM(D20:O20) -> 1
A21: 5 | B21: TERRAPLENAGEM | C21: =RESUMO!D20 -> 58663.17 | D21: =TRUNC(D22*$C$21,2) -> 1759.89 | E21: =TRUNC(E22*$C$21,2) -> 2346.52 | F21: =TRUNC(F22*$C$21,2) -> 3519.79 | G21: =TRUNC(G22*$C$21,2) -> 6452.94 | H21: =TRUNC(H22*$C$21,2) -> 7039.58 | I21: =TRUNC(I22*$C$21,2) -> 7039.58 | J21: =TRUNC(J22*$C$21,2) -> 7039.58 | K21: =TRUNC(K22*$C$21,2) -> 7039.58 | ... N21: =TRUNC(N22*$C$21,2) -> 3519.79 | O21: =C21-SUM(D21:N21) -> 3519.82 | P21: =SUM(D21:O21) -> 58663.17
C22: % | D22: 0.03 | E22: 0.04 | F22: 0.06 | G22: 0.11 | H22: 0.12 | I22: 0.12 | J22: 0.12 | K22: 0.12 | L22: 0.08 | M22: 0.08 | N22: 0.06 | O22: 0.06 | P22: =SUM(D22:O22) -> 1
A23: 6 | B23: ESTRUTURA DE CONCRETO | C23: =RESUMO!D21 -> 37171.8 | D23: =TRUNC(D24*$C$23,2) -> 0 | E23: =TRUNC(E24*$C$23,2) -> 0 | F23: =TRUNC(F24*$C$23,2) -> 0 | G23: =TRUNC(G24*$C$23,2) -> 9292.95 | H23: =TRUNC(H24*$C$23,2) -> 9292.95 | I23: =TRUNC(I24*$C$23,2) -> 9292.95 | J23: =C23-G23-H23-I23 -> 9292.95 | K23: =TRUNC(K24*$C$23,2) -> 0 | L23: =TRUNC(L24*$C$23,2) -> 0 | M23: =TRUNC(M24*$C$23,2) -> 0 | N23: =TRUNC(N24*$C$23,2) -> 0 | O23: =TRUNC(O24*$C$23,2) -> 0 | P23: =SUM(D23:O23) -> 37171.8
C24: % | D24: 0 | E24: 0 | F24: 0 | G24: 0.25 | H24: 0.25 | I24: 0.25 | J24: 0.25 | K24: 0 | L24: 0 | M24: 0 | N24: 0 | O24: 0 | P24: =SUM(D24:O24) -> 1
A25: 7 | B25: TRANSPORTE | C25: =RESUMO!D22 -> 145605.23 | D25: =TRUNC(D26*$C$25,2) -> 4368.15 | E25: =TRUNC(E26*$C$25,2) -> 5824.2 | F25: =TRUNC(F26*$C$25,2) -> 8736.31 | G25: =TRUNC(G26*$C$25,2) -> 16016.57 | H25: =TRUNC(H26*$C$25,2) -> 17472.62 | I25: =TRUNC(I26*$C$25,2) -> 17472.62 | J25: =TRUNC(J26*$C$25,2) -> 17472.62 | K25: =TRUNC(K26*$C$25,2) -> 17472.62 | ... N25: =TRUNC(N26*$C$25,2) -> 8736.31 | O25: =C25-SUM(D25:N25) -> 8736.39 | P25: =SUM(D25:O25) -> 145605.23
C26: % | D26: 0.03 | E26: 0.04 | F26: 0.06 | G26: 0.11 | H26: 0.12 | I26: 0.12 | J26: 0.12 | K26: 0.12 | L26: 0.08 | M26: 0.08 | N26: 0.06 | O26: 0.06 | P26: =SUM(D26:O26) -> 1
A27: 8 | B27: MOBILIZAÇÃO E DESMOBILIZAÇÃO DE EQUIPAMENTOS | C27: =RESUMO!D23 -> 231134.8 | D27: =TRUNC(D28*$C$27,2) -> 6934.04 | E27: =TRUNC(E28*$C$27,2) -> 9245.39 | F27: =TRUNC(F28*$C$27,2) -> 13868.08 | G27: =TRUNC(G28*$C$27,2) -> 25424.82 | H27: =TRUNC(H28*$C$27,2) -> 27736.17 | I27: =TRUNC(I28*$C$27,2) -> 27736.17 | J27: =TRUNC(J28*$C$27,2) -> 27736.17 | K27: =TRUNC(K28*$C$27,2) -> 27736.17 | ... N27: =TRUNC(N28*$C$27,2) -> 13868.08 | O27: =C27-SUM(D27:N27) -> 13868.15 | P27: =SUM(D27:O27) -> 231134.8
C28: % | D28: 0.03 | E28: 0.04 | F28: 0.06 | G28: 0.11 | H28: 0.12 | I28: 0.12 | J28: 0.12 | K28: 0.12 | L28: 0.08 | M28: 0.08 | N28: 0.06 | O28: 0.06 | P28: =SUM(D28:O28) -> 1
C29: =C13+C15+C17+C19+C21+C23+C25+C27 -> 4796313.7
A30: Desembolso mensal | D30: =D13+D15+D17+D19+D21+D23+D25+D27 -> 142774.21 | E30: =E13+E15+E17+E19+E21+E23+E25+E27 -> 190365.63 | F30: =F13+F15+F17+F19+F21+F23+F25+F27 -> 285548.48 | G30: =G13+G15+G17+G19+G21+G23+G25+G27 -> 532798.51 | H30: =H13+H15+H17+H19+H21+H23+H25+H27 -> 580389.94 | I30: =I13+I15+I17+I19+I21+I23+I25+I27 -> 580389.94 | J30: =J13+J15+J17+J19+J21+J23+J25+J27 -> 580389.94 | K30: =K13+K15+K17+K19+K21+K23+K25+K27 -> 571096.99 | ... O30: =O13+O15+O17+O19+O21+O23+O25+O27 -> 285548.93 | P30: =SUM(D30:O30) -> 4796313.7
A31: Porcentagem Mensal | D31: =D30/$C$29 -> 0.029767488 | E31: =E30/$C$29 -> 0.039689988 | F31: =F30/$C$29 -> 0.059534989 | G31: =G30/$C$29 -> 0.111085 | H31: =H30/$C$29 -> 0.1210075 | I31: =I30/$C$29 -> 0.1210075 | J31: =J30/$C$29 -> 0.1210075 | K31: =K30/$C$29 -> 0.11906998 | ... O31: =O30/$C$29 -> 0.059535082 | P31: =SUM(D31:O31) -> 1
A32: Desembolso Acumulado | D32: =D30 -> 142774.21 | E32: =D32+E30 -> 333139.84 | F32: =E32+F30 -> 618688.32 | G32: =F32+G30 -> 1151486.8 | H32: =G32+H30 -> 1731876.8 | I32: =H32+I30 -> 2312266.7 | J32: =I32+J30 -> 2892656.6 | K32: =J32+K30 -> 3463753.6 | L32: =K32+L30 -> 3844484.9 | ... O32: =N32+O30 -> 4796313.7
A33: Porcentagem Acumlada | D33: =D31 -> 0.029767488 | E33: =D33+E31 -> 0.069457476 | F33: =E33+F31 -> 0.12899246 | G33: =F33+G31 -> 0.24007747 | H33: =G33+H31 -> 0.36108497 | I33: =H33+I31 -> 0.48209247 | J33: =I33+J31 -> 0.60309997 | K33: =J33+K31 -> 0.72216996 | L33: =K33+L31 -> 0.80154994 | ... O33: =N33+O31 -> 1

Sheet BDI SERVIÇO COM DESONERAÇÃO
B2: PREFEITURA MUNICIPAL DE CAMPO GRANDE
B3: SECRETARIA MUNICIPAL DE INFRAESTRUTURA E SERVIÇOS PÚBLICOS - SISEP
B4: SUPERINTENDÊNCIA DE PROJETOS - GERÊNCIA DE ORÇAMENTOS
B7: COMPOSIÇÃO DE BDI - conforme Acórdão TCU 2622/2013
B8: OBRA: MANUTENÇÃO DE PONTES DE MADEIRA EM VICINAIS NO MUNICIPIO DE CAMPO GRANDE-MS | E8: Tipo de Serviço: | F8: CONSTRUÇÃO
F9: DE RODOVIAS
F10: C/ DESONERAÇÃO
B11: Item componente do BDI | C11: 1° Quartil | D11: Médio | E11: 3° quartil | F11: BDI Adotado
B12: AC - Administração Central | C12: 0.038 | D12: 0.0401 | E12: 0.0467 | F12: 0.0401
B13: S + G - Seguro e Garantia | C13: 0.0032 | D13: 0.004 | E13: 0.0074 | F13: 0.004
B14: R - Risco | C14: 0.005 | D14: 0.0056 | E14: 0.0097 | F14: 0.0056
B15: DF - Despesas Financeiras | C15: 0.0102 | D15: 0.0111 | E15: 0.0121 | F15: 0.0111
B16: L - Lucro | C16: 0.0664 | D16: 0.073 | E16: 0.0869 | F16: 0.073
B17: I - IMPOSTOS | F17: =SUM(F18:F21) -> 0.1115
E18: PIS: | F18: 0.0065
E19: COFINS: | F19: 0.03
E20: ISSQN(3): | F20: 0.03
E21: CPRB(2) | F21: 0.045
B22: BDI CALCULADO: | F22: =ROUND(((1+F12+F13+F14)*(1+F15)*(1+F16)/(1-F17)-1),4) -> 0.2817
B24: BDI calculado pela seguinte equação:
B30: Onde:
B31: AC: taxa de administração central;
B32: S: taxa de seguros;
B33: R: taxa de riscos;
B34: G: taxa de garantias;
B35: DF: taxa de despesas financeiras;
B36: L: taxa de lucro/remuneração;
B37: I: taxa de incidência de impostos [ PIS, COFINS, (3) ISSQN, (2) Encargos Sociais ]
B38: (2) CPRB=4,50%(Contribuição Previdenciária sobre a Receita Bruta - Lei no. 13.161 de 31/08/2015
B39: (3) ISSQN é um imposto que incide sobre o preço de serviço, em Campo Grande o valor é de 5%. O custo previsto com mão-de-obra é de 60% do custo total da obra, para o computo do ISSQN o valor será de 3%
B45: _______________________________________________________________ Marcos Tedeschi
... B47: SISEP

Sheet BDI SERVIÇO SEM DESONERAÇÃO
B2: PREFEITURA MUNICIPAL DE CAMPO GRANDE
B3: SECRETARIA MUNICIPAL DE INFRAESTRUTURA E SERVIÇOS PÚBLICOS - SISEP
B4: SUPERINTENDÊNCIA DE PROJETOS - GERÊNCIA DE ORÇAMENTOS
B7: COMPOSIÇÃO DE BDI - conforme Acórdão TCU 2622/2013
B8: OBRA: MANUTENÇÃO DE PONTES DE MADEIRA EM VICINAIS NO MUNICIPIO DE CAMPO GRANDE-MS | E8: Tipo de Serviço: | F8: CONSTRUÇÃO
F9: DE RODOVIAS
F10: S/ DESONERAÇÃO
B11: Item componente do BDI | C11: 1° Quartil | D11: Médio | E11: 3° quartil | F11: BDI Adotado
B12: AC - Administração Central | C12: 0.038 | D12: 0.0401 | E12: 0.0467 | F12: 0.0401
B13: S + G - Seguro e Garantia | C13: 0.0032 | D13: 0.004 | E13: 0.0074 | F13: 0.004
B14: R - Risco | C14: 0.005 | D14: 0.0056 | E14: 0.0097 | F14: 0.0056
B15: DF - Despesas Financeiras | C15: 0.0102 | D15: 0.0111 | E15: 0.0121 | F15: 0.0111
B16: L - Lucro | C16: 0.0664 | D16: 0.073 | E16: 0.0869 | F16: 0.073
B17: I - IMPOSTOS | F17: =SUM(F18:F21) -> 0.0665
E18: PIS: | F18: 0.0065
E19: COFINS: | F19: 0.03
E20: ISSQN(3): | F20: 0.03
E21: CPRB(2)
B22: BDI CALCULADO: | F22: =ROUND(((1+F12+F13+F14)*(1+F15)*(1+F16)/(1-F17)-1),4) -> 0.22
B24: BDI calculado pela seguinte equação:
B30: Onde:
B31: AC: taxa de administração central;
B32: S: taxa de seguros;
B33: R: taxa de riscos;
B34: G: taxa de garantias;
B35: DF: taxa de despesas financeiras;
B36: L: taxa de lucro/remuneração;
B37: I: taxa de incidência de impostos [ PIS, COFINS, (3) ISSQN, (2) Encargos Sociais ]
B38: (2) CPRB=4,50%(Contribuição Previdenciária sobre a Receita Bruta - Lei no. 13.161 de 31/08/2015
B39: (3) ISSQN é um imposto que incide sobre o preço de serviço, em Campo Grande o valor é de 5%. O custo previsto com mão-de-obra é de 60% do custo total da obra, para o computo do ISSQN o valor será de 3%
B45: _______________________________________________________________ Marcos Tedeschi
... B47: SISEP

Sheet BDI MATERIAIS
B2: PREFEITURA MUNICIPAL DE CAMPO GRANDE
B3: SECRETARIA MUNICIPAL DE INFRAESTRUTURA E SERVIÇOS PÚBLICOS - SISEP
B4: SUPERINTENDÊNCIA DE PROJETOS - GERÊNCIA DE ORÇAMENTOS
B7: 0
B8: OBRA: MANUTENÇÃO DE PONTES DE MADEIRA EM VICINAIS NO MUNICIPIO DE CAMPO GRANDE-MS | E8: Tipo de Serviço: | F8: FORNECIMENTO
F9: DE MATERIAIS E
F10: EQUIPAMENTOS
B11: Item componente do BDI | C11: 1° Quartil | D11: Médio | E11: 3° quartil | F11: BDI Adotado
B12: AC - Administração Central | C12: 0.015 | D12: 0.0345 | E12: 0.0449 | F12: 0.0345
B13: S + G - Seguro e Garantia | C13: 0.003 | D13: 0.0048 | E13: 0.0082 | F13: 0.0048
B14: R - Risco | C14: 0.0056 | D14: 0.0085 | E14: 0.0089 | F14: 0.0085
B15: DF - Despesas Financeiras | C15: 0.0085 | D15: 0.0085 | E15: 0.0111 | F15: 0.0085
B16: L - Lucro | C16: 0.035 | D16: 0.0511 | E16: 0.0622 | F16: 0.0511
B17: I - IMPOSTOS | F17: =SUM(F18:F21) -> 0.0365
E18: PIS: | F18: 0.0065
E19: COFINS: | F19: 0.03
E20: ISSQN(3):
E21: CPRB(2)
B22: BDI CALCULADO: | F22: =ROUND(((1+F12+F13+F14)*(1+F15)*(1+F16)/(1-F17)-1),4) -> 0.1528
B24: BDI calculado pela seguinte equação:
B30: Onde:
B31: AC: taxa de administração central;
B32: S: taxa de seguros;
B33: R: taxa de riscos;
B34: G: taxa de garantias;
B35: DF: taxa de despesas financeiras;
B36: L: taxa de lucro/remuneração;
B37: I: taxa de incidência de impostos [ PIS, COFINS, (3) ISSQN, (2) Encargos Sociais ]
B38: (2) CPRB=4,50%(Contribuição Previdenciária sobre a Receita Bruta - Lei no. 13.161 de 31/08/2015
B39: (3) ISSQN é um imposto que incide sobre o preço de serviço, em Campo Grande o valor é de 5%. O custo previsto com mão-de-obra é de 60% do custo total da obra, para o computo do ISSQN o valor será de 3%
B45: _______________________________________________________________ Marcos Tedeschi
... B47: SISEP

Sheet PUBLICIDADE BANCOS AGESUL E SBC

Sheet PONTES DE MADEIRA - MEMÓRIA
A2: GERÊNCIA DE MANUTENÇÃO DE VIAS RURAIS - GEMARU
H5: INFRAESTRUTURA | K5: SUPERESTRUTURA | N5: ESCAVAÇÃO | P5: TABULEIRO PONTE | S5: TRANSPORTE (DENSIDADE DA MADEIRA CONSIDERADO 1,53 g/cm³)
B6: PONTE | C6: LOCAL | D6: COORDENADAS GEOGRAFICAS | E6: COMPRIMENTO PONTE (M) | F6: LARGURA PONTE (M) | G6: ALTURA PONTE (M) | H6: ESTEIO (JGxM) | I6: BATE ESTACA (JGxM) | J6: PONTE BRANCA (M³) | K6: VIGAMENTO SIMPLES (M) | L6: VIGAMENTO ARMADO (M) | M6: CAIXÃO DE ATERRO (M²) | N6: ESCAVAÇÃO (M³) | O6: REATERRO (M³) | P6: ASSOALHO (M) | Q6: RODEIRO (M) | R6: GUIA DE RODAS (M) | S6: ESTEIO (TON) | T6: BATE ESTACA (TON) | U6: VIGAMENTO SIMPLES (TON) | V6: VIGAMENTO ARMADO (TON) | W6: CAIXÃO DE ATERRO (TON) | X6: ASSOALHO (TON) | Y6: RODEIRO (TON) | Z6: GUIA DE RODAS (TON) | AA6: PONTE BRANCA (TON) | AB6: TOTAL TON PONTE | AC6: DMT PAV | AD6: DMT N. PAV | AE6: MOMENTO TRANSPORTE PAV. (TON*KM) | AF6: MOMENTO TRANSPORTE N. PAV (TON*KM)
A8: 1 | B8: PONTE CÓRREGO PATEIRO | C8: CG 218 RAMAL 1 | D8: -20°13'28.78", -54°36'18.29" | E8: 5 | F8: 4.5 | G8: 1 | H8: =ROUNDUP((E8/6)+1,0)*G8 -> 2 | I8: =H8*3.5 -> 7 | J8: =E8*F8*G8 -> 22.5 | K8: =E8-L8 -> 5 | L8: 0 | M8: =((3*G8*2)+(F8*G8)) -> 10.5 | N8: =(14.03*G8)*2 -> 28.06 | O8: =(14.03*G8)*2 -> 28.06 | P8: =E8 -> 5 | Q8: =E8 -> 5 | R8: =Q8 -> 5 | S8: =0.578*H8*1.53 -> 1.76868 | T8: =0.3*I8*1.53 -> 3.213 | U8: =0.675*K8*1.53 -> 5.16375 | V8: =0.675*L8*1.53 -> 0 | W8: =0.114*M8*1.53 -> 1.83141 | X8: =0.27*P8*1.53 -> 2.0655 | Y8: =0.144*Q8*1.53 -> 1.1016 | Z8: =0.045*R8*1.53 -> 0.34425 | AA8: =0.05*J8 -> 1.125 | AB8: =SUM(S8:AA8) -> 16.61319 | AC8: 28.21 | AD8: 2.122 | AE8: =TRUNC(AB8*AC8,2) -> 468.65 | AF8: =TRUNC(AB8*AD8,2) -> 35.25
A9: 2 | B9: PONTE CÓRREGO SOSSEGO | C9: DISTRITO DE ROCHEDINHO | D9: -20°12'30.42", -54°34'17.77" | E9: 6 | F9: 4.5 | G9: 1.5 | H9: =ROUNDUP((E9/6)+1,0)*G9 -> 3 | I9: =H9*3.5 -> 10.5 | J9: =E9*F9*G9 -> 40.5 | K9: =E9-L9 -> 6 | L9: 0 | M9: =((3*G9*2)+(F9*G9)) -> 15.75 | N9: =(14.03*G9)*2 -> 42.09 | O9: =(14.03*G9)*2 -> 42.09 | P9: =E9 -> 6 | Q9: =E9 -> 6 | R9: =Q9 -> 6 | S9: =0.578*H9*1.53 -> 2.65302 | T9: =0.3*I9*1.53 -> 4.8195 | U9: =0.675*K9*1.53 -> 6.1965 | V9: =0.675*L9*1.53 -> 0 | W9: =0.114*M9*1.53 -> 2.747115 | X9: =0.27*P9*1.53 -> 2.4786 | Y9: =0.144*Q9*1.53 -> 1.32192 | Z9: =0.045*R9*1.53 -> 0.4131 | AA9: =0.05*J9 -> 2.025 | AB9: =SUM(S9:AA9) -> 22.654755 | AC9: 29.756 | AD9: 3.026 | AE9: =TRUNC(AB9*AC9,2) -> 674.11 | AF9: =TRUNC(AB9*AD9,2) -> 68.55
A10: 3 | B10: PONTE CÓRREGO RIBEIRÃO DAS BOTAS | C10: CG 060 | D10: -20°18'25.69", -54°33'53.84" | E10: 6 | F10: 4.5 | G10: 1.5 | H10: =ROUNDUP((E10/6)+1,0)*G10 -> 3 | I10: =H10*3.5 -> 10.5 | J10: =E10*F10*G10 -> 40.5 | K10: =E10-L10 -> 6 | L10: 0 | M10: =((3*G10*2)+(F10*G10)) -> 15.75 | N10: =(14.03*G10)*2 -> 42.09 | O10: =(14.03*G10)*2 -> 42.09 | P10: =E10 -> 6 | Q10: =E10 -> 6 | R10: =Q10 -> 6 | S10: =0.578*H10*1.53 -> 2.65302 | T10: =0.3*I10*1.53 -> 4.8195 | U10: =0.675*K10*1.53 -> 6.1965 | V10: =0.675*L10*1.53 -> 0 | W10: =0.114*M10*1.53 -> 2.747115 | X10: =0.27*P10*1.53 -> 2.4786 | Y10: =0.144*Q10*1.53 -> 1.32192 | Z10: =0.045*R10*1.53 -> 0.4131 | AA10: =0.05*J10 -> 2.025 | AB10: =SUM(S10:AA10) -> 22.654755 | AC10: 14.169 | AD10: 8.785 | AE10: =TRUNC(AB10*AC10,2) -> 320.99 | AF10: =TRUNC(AB10*AD10,2) -> 199.02
A11: 4 | B11: PONTE CÓRREGO GUARIROBA | C11: CG 140 | D11: -20°36'46.94", -54°21'40.86" | E11: 6 | F11: 4.5 | G11: 1.5 | H11: =ROUNDUP((E11/6)+1,0)*G11 -> 3 | I11: =H11*3.5 -> 10.5 | J11: =E11*F11*G11 -> 40.5 | K11: =E11-L11 -> 6 | L11: 0 | M11: =((3*G11*2)+(F11*G11)) -> 15.75 | N11: =(14.03*G11)*2 -> 42.09 | O11: =(14.03*G11)*2 -> 42.09 | P11: =E11 -> 6 | Q11: =E11 -> 6 | R11: =Q11 -> 6 | S11: =0.578*H11*1.53 -> 2.65302 | T11: =0.3*I11*1.53 -> 4.8195 | U11: =0.675*K11*1.53 -> 6.1965 | V11: =0.675*L11*1.53 -> 0 | W11: =0.114*M11*1.53 -> 2.747115 | X11: =0.27*P11*1.53 -> 2.4786 | Y11: =0.144*Q11*1.53 -> 1.32192 | Z11: =0.045*R11*1.53 -> 0.4131 | AA11: =0.05*J11 -> 2.025 | AB11: =SUM(S11:AA11) -> 22.654755 | AC11: 24.021 | AD11: 20.01 | AE11: =TRUNC(AB11*AC11,2) -> 544.18 | AF11: =TRUNC(AB11*AD11,2) -> 453.32
A12: 5 | B12: PONTE CÓRREGO CAMISA | C12: CG 230 | D12: -20º 58'44'', -53º 53'34'' | E12: 6 | F12: 4.5 | G12: 1.5 | H12: =ROUNDUP((E12/6)+1,0)*G12 -> 3 | I12: =H12*3.5 -> 10.5 | J12: =E12*F12*G12 -> 40.5 | K12: =E12-L12 -> 6 | L12: 0 | M12: =((3*G12*2)+(F12*G12)) -> 15.75 | N12: =(14.03*G12)*2 -> 42.09 | O12: =(14.03*G12)*2 -> 42.09 | P12: =E12 -> 6 | Q12: =E12 -> 6 | R12: =Q12 -> 6 | S12: =0.578*H12*1.53 -> 2.65302 | T12: =0.3*I12*1.53 -> 4.8195 | U12: =0.675*K12*1.53 -> 6.1965 | V12: =0.675*L12*1.53 -> 0 | W12: =0.114*M12*1.53 -> 2.747115 | X12: =0.27*P12*1.53 -> 2.4786 | Y12: =0.144*Q12*1.53 -> 1.32192 | Z12: =0.045*R12*1.53 -> 0.4131 | AA12: =0.05*J12 -> 2.025 | AB12: =SUM(S12:AA12) -> 22.654755 | AC12: 113.394 | AD12: 10.641 | AE12: =TRUNC(AB12*AC12,2) -> 2568.91 | AF12: =TRUNC(AB12*AD12,2) -> 241.06
A13: 6 | B13: PONTE CÓRREGO RIBEIRÃO LIMPO | C13: CG 282 | D13: -21º20'59", -53º58'50" | E13: 7.3 | F13: 4.5 | G13: 1.5 | H13: =ROUNDUP((E13/6)+1,0)*G13 -> 4.5 | I13: =H13*3.5 -> 15.75 | J13: =E13*F13*G13 -> 49.275 | K13: =E13-L13 -> 7.3 | L13: 0 | M13: =((3*G13*2)+(F13*G13)) -> 15.75 | N13: =(14.03*G13)*2 -> 42.09 | O13: =(14.03*G13)*2 -> 42.09 | P13: =E13 -> 7.3 | Q13: =E13 -> 7.3 | R13: =Q13 -> 7.3 | S13: =0.578*H13*1.53 -> 3.97953 | T13: =0.3*I13*1.53 -> 7.22925 | U13: =0.675*K13*1.53 -> 7.539075 | V13: =0.675*L13*1.53 -> 0 | W13: =0.114*M13*1.53 -> 2.747115 | X13: =0.27*P13*1.53 -> 3.01563 | Y13: =0.144*Q13*1.53 -> 1.608336 | Z13: =0.045*R13*1.53 -> 0.502605 | AA13: =0.05*J13 -> 2.46375 | AB13: =SUM(S13:AA13) -> 29.085291 | AC13: 124.421 | AD13: 41.289 | AE13: =TRUNC(AB13*AC13,2) -> 3618.82 | AF13: =TRUNC(AB13*AD13,2) -> 1200.9
A14: 7 | B14: PONTE AFLUENTE RIO ANHANDUÍ | C14: CG 284 | D14: -21°33'32" -53°52'17" | E14: 5 | F14: 4.5 | G14: 1.5 | H14: =ROUNDUP((E14/6)+1,0)*G14 -> 3 | I14: =H14*3.5 -> 10.5 | J14: =E14*F14*G14 -> 33.75 | K14: =E14-L14 -> 5 | L14: 0 | M14: =((3*G14*2)+(F14*G14)) -> 15.75 | N14: =(14.03*G14)*2 -> 42.09 | O14: =(14.03*G14)*2 -> 42.09 | P14: =E14 -> 5 | Q14: =E14 -> 5 | R14: =Q14 -> 5 | S14: =0.578*H14*1.53 -> 2.65302 | T14: =0.3*I14*1.53 -> 4.8195 | U14: =0.675*K14*1.53 -> 5.16375 | V14: =0.675*L14*1.53 -> 0 | W14: =0.114*M14*1.53 -> 2.747115 | X14: =0.27*P14*1.53 -> 2.0655 | Y14: =0.144*Q14*1.53 -> 1.1016 | Z14: =0.045*R14*1.53 -> 0.34425 | AA14: =0.05*J14 -> 1.6875 | AB14: =SUM(S14:AA14) -> 20.582235 | AC14: 175.015 | AD14: 4.622 | AE14: =TRUNC(AB14*AC14,2) -> 3602.19 | AF14: =TRUNC(AB14*AD14,2) -> 95.13
A15: 8 | B15: PONTE CÓRREGO POUSO ALEGRE | C15: CG 268 | D15: -20º 53'13'', -54º 26'2'' | E15: 6.5 | F15: 4.5 | G15: 1.5 | H15: =ROUNDUP((E15/6)+1,0)*G15 -> 4.5 | I15: =H15*3.5 -> 15.75 | J15: =E15*F15*G15 -> 43.875 | K15: =E15-L15 -> 6.5 | L15: 0 | M15: =((3*G15*2)+(F15*G15)) -> 15.75 | N15: =(14.03*G15)*2 -> 42.09 | O15: =(14.03*G15)*2 -> 42.09 | P15: =E15 -> 6.5 | Q15: =E15 -> 6.5 | R15: =Q15 -> 6.5 | S15: =0.578*H15*1.53 -> 3.97953 | T15: =0.3*I15*1.53 -> 7.22925 | U15: =0.675*K15*1.53 -> 6.712875 | V15: =0.675*L15*1.53 -> 0 | W15: =0.114*M15*1.53 -> 2.747115 | X15: =0.27*P15*1.53 -> 2.68515 | Y15: =0.144*Q15*1.53 -> 1.43208 | Z15: =0.045*R15*1.53 -> 0.447525 | AA15: =0.05*J15 -> 2.19375 | AB15: =SUM(S15:AA15) -> 27.427275 | AC15: 47.165 | AD15: 8.286 | AE15: =TRUNC(AB15*AC15,2) -> 1293.6 | AF15: =TRUNC(AB15*AD15,2) -> 227.26
A16: 9 | B16: PONTE CÓRREGO FORMOSO | C16: CG 324 | D16: -21° 8'33.60", -54° 2'39.11" | E16: 7 | F16: 4.5 | G16: 1.5 | H16: =ROUNDUP((E16/6)+1,0)*G16 -> 4.5 | I16: =H16*3.5 -> 15.75 | J16: =E16*F16*G16 -> 47.25 | K16: =E16-L16 -> 7 | L16: 0 | M16: =((3*G16*2)+(F16*G16)) -> 15.75 | N16: =(14.03*G16)*2 -> 42.09 | O16: =(14.03*G16)*2 -> 42.09 | P16: =E16 -> 7 | Q16: =E16 -> 7 | R16: =Q16 -> 7 | S16: =0.578*H16*1.53 -> 3.97953 | T16: =0.3*I16*1.53 -> 7.22925 | U16: =0.675*K16*1.53 -> 7.22925 | V16: =0.675*L16*1.53 -> 0 | W16: =0.114*M16*1.53 -> 2.747115 | X16: =0.27*P16*1.53 -> 2.8917 | Y16: =0.144*Q16*1.53 -> 1.54224 | Z16: =0.045*R16*1.53 -> 0.48195 | AA16: =0.05*J16 -> 2.3625 | AB16: =SUM(S16:AA16) -> 28.463535 | AC16: 31.14 | AD16: 75.739 | AE16: =TRUNC(AB16*AC16,2) -> 886.35 | AF16: =TRUNC(AB16*AD16,2) -> 2155.79
A17: 10 | B17: PONTE CÓRREGO COMPANHIA | C17: CG 324 | D17: -21°10'37.35", -54° 1'53.70" | E17: 7 | F17: 4.5 | G17: 1.5 | H17: =ROUNDUP((E17/6)+1,0)*G17 -> 4.5 | I17: =H17*3.5 -> 15.75 | J17: =E17*F17*G17 -> 47.25 | K17: =E17-L17 -> 7 | L17: 0 | M17: =((3*G17*2)+(F17*G17)) -> 15.75 | N17: =(14.03*G17)*2 -> 42.09 | O17: =(14.03*G17)*2 -> 42.09 | P17: =E17 -> 7 | Q17: =E17 -> 7 | R17: =Q17 -> 7 | S17: =0.578*H17*1.53 -> 3.97953 | T17: =0.3*I17*1.53 -> 7.22925 | U17: =0.675*K17*1.53 -> 7.22925 | V17: =0.675*L17*1.53 -> 0 | W17: =0.114*M17*1.53 -> 2.747115 | X17: =0.27*P17*1.53 -> 2.8917 | Y17: =0.144*Q17*1.53 -> 1.54224 | Z17: =0.045*R17*1.53 -> 0.48195 | AA17: =0.05*J17 -> 2.3625 | AB17: =SUM(S17:AA17) -> 28.463535 | AC17: 31.14 | AD17: 79.844 | AE17: =TRUNC(AB17*AC17,2) -> 886.35 | AF17: =TRUNC(AB17*AD17,2) -> 2272.64
A18: 11 | B18: PONTE CÓRREGO RIBEIRÃO CACHOEIRA | C18: CG 472 | D18: -20°38'4.04", -54°27'43.48" | E18: 7 | F18: 4.5 | G18: 1.5 | H18: =ROUNDUP((E18/6)+1,0)*G18 -> 4.5 | I18: =H18*3.5 -> 15.75 | J18: =E18*F18*G18 -> 47.25 | K18: =E18-L18 -> 7 | L18: 0 | M18: =((3*G18*2)+(F18*G18)) -> 15.75 | N18: =(14.03*G18)*2 -> 42.09 | O18: =(14.03*G18)*2 -> 42.09 | P18: =E18 -> 7 | Q18: =E18 -> 7 | R18: =Q18 -> 7 | S18: =0.578*H18*1.53 -> 3.97953 | T18: =0.3*I18*1.53 -> 7.22925 | U18: =0.675*K18*1.53 -> 7.22925 | V18: =0.675*L18*1.53 -> 0 | W18: =0.114*M18*1.53 -> 2.747115 | X18: =0.27*P18*1.53 -> 2.8917 | Y18: =0.144*Q18*1.53 -> 1.54224 | Z18: =0.045*R18*1.53 -> 0.48195 | AA18: =0.05*J18 -> 2.3625 | AB18: =SUM(S18:AA18) -> 28.463535 | AC18: 27.67 | AD18: 8.973 | AE18: =TRUNC(AB18*AC18,2) -> 787.58 | AF18: =TRUNC(AB18*AD18,2) -> 255.4
A19: 12 | B19: PONTE CÓRREGO AGUA LIMPA | C19: CG 474 | D19: -21° 7'36.71", -54° 2'37.29" | E19: 7 | F19: 4.5 | G19: 1.5 | H19: =ROUNDUP((E19/6)+1,0)*G19 -> 4.5 | I19: =H19*3.5 -> 15.75 | J19: =E19*F19*G19 -> 47.25 | K19: =E19-L19 -> 7 | L19: 0 | M19: =((3*G19*2)+(F19*G19)) -> 15.75 | N19: =(14.03*G19)*2 -> 42.09 | O19: =(14.03*G19)*2 -> 42.09 | P19: =E19 -> 7 | Q19: =E19 -> 7 | R19: =Q19 -> 7 | S19: =0.578*H19*1.53 -> 3.97953 | T19: =0.3*I19*1.53 -> 7.22925 | U19: =0.675*K19*1.53 -> 7.22925 | V19: =0.675*L19*1.53 -> 0 | W19: =0.114*M19*1.53 -> 2.747115 | X19: =0.27*P19*1.53 -> 2.8917 | Y19: =0.144*Q19*1.53 -> 1.54224 | Z19: =0.045*R19*1.53 -> 0.48195 | AA19: =0.05*J19 -> 2.3625 | AB19: =SUM(S19:AA19) -> 28.463535 | AC19: 110.523 | AD19: 15.199 | AE19: =TRUNC(AB19*AC19,2) -> 3145.87 | AF19: =TRUNC(AB19*AD19,2) -> 432.61
... A24: 17 | B24: PONTE CÓRREGO CEROULA | C24: CG 050 | D24: -20º 22'14'', -54º 38'54'' | E24: 4.5 | F24: 4.5 | G24: 2 | H24: =ROUNDUP((E24/6)+1,0)*G24 -> 4 | I24: =H24*3.5 -> 14 | J24: =E24*F24*G24 -> 40.5 | K24: =E24-L24 -> 4.5 | L24: 0 | M24: =((3*G24*2)+(F24*G24)) -> 21 | N24: =(14.03*G24)*2 -> 56.12 | O24: =(14.03*G24)*2 -> 56.12 | P24: =E24 -> 4.5 | Q24: =E24 -> 4.5 | R24: =Q24 -> 4.5 | S24: =0.578*H24*1.53 -> 3.53736 | T24: =0.3*I24*1.53 -> 6.426 | U24: =0.675*K24*1.53 -> 4.647375 | V24: =0.675*L24*1.53 -> 0 | W24: =0.114*M24*1.53 -> 3.66282 | X24: =0.27*P24*1.53 -> 1.85895 | Y24: =0.144*Q24*1.53 -> 0.99144 | Z24: =0.045*R24*1.53 -> 0.309825 | AA24: =0.05*J24 -> 2.025 | AB24: =SUM(S24:AA24) -> 23.45877 | AC24: 7.463 | AD24: 4.715 | AE24: =TRUNC(AB24*AC24,2) -> 175.07 | AF24: =TRUNC(AB24*AD24,2) -> 110.6
A25: 18 | B25: PONTE CÓRREGO RETIRO | C25: CG 164 | D25: -20º 13'5'', -54º 46'30'' | E25: 6.5 | F25: 4.5 | G25: 2 | H25: =ROUNDDOWN((E25/6)+1,0)*G25 -> 4 | I25: =H25*3.5 -> 14 | J25: =E25*F25*G25 -> 58.5 | K25: =E25-L25 -> 6.5 | L25: 0 | M25: =((3*G25*2)+(F25*G25)) -> 21 | N25: =(14.03*G25)*2 -> 56.12 | O25: =(14.03*G25)*2 -> 56.12 | P25: =E25 -> 6.5 | Q25: =E25 -> 6.5 | R25: =Q25 -> 6.5 | S25: =0.578*H25*1.53 -> 3.53736 | T25: =0.3*I25*1.53 -> 6.426 | U25: =0.675*K25*1.53 -> 6.712875 | V25: =0.675*L25*1.53 -> 0 | W25: =0.114*M25*1.53 -> 3.66282 | X25: =0.27*P25*1.53 -> 2.68515 | Y25: =0.144*Q25*1.53 -> 1.43208 | Z25: =0.045*R25*1.53 -> 0.447525 | AA25: =0.05*J25 -> 2.925 | AB25: =SUM(S25:AA25) -> 27.82881 | AC25: 41.027 | AD25: 0.613 | AE25: =TRUNC(AB25*AC25,2) -> 1141.73 | AF25: =TRUNC(AB25*AD25,2) -> 17.05
A26: 19 | B26: PONTE CÓRREGO RONDINHA | C26: CG 180 | D26: -20°37'32.0" -54°15'30.0" | E26: 6 | F26: 4.5 | G26: 2 | H26: =ROUNDUP((E26/6)+1,0)*G26 -> 4 | I26: =H26*3.5 -> 14 | J26: =E26*F26*G26 -> 54 | K26: =E26-L26 -> 6 | L26: 0 | M26: =((3*G26*2)+(F26*G26)) -> 21 | N26: =(14.03*G26)*2 -> 56.12 | O26: =(14.03*G26)*2 -> 56.12 | P26: =E26 -> 6 | Q26: =E26 -> 6 | R26: =Q26 -> 6 | S26: =0.578*H26*1.53 -> 3.53736 | T26: =0.3*I26*1.53 -> 6.426 | U26: =0.675*K26*1.53 -> 6.1965 | V26: =0.675*L26*1.53 -> 0 | W26: =0.114*M26*1.53 -> 3.66282 | X26: =0.27*P26*1.53 -> 2.4786 | Y26: =0.144*Q26*1.53 -> 1.32192 | Z26: =0.045*R26*1.53 -> 0.4131 | AA26: =0.05*J26 -> 2.7 | AB26: =SUM(S26:AA26) -> 26.7363 | AC26: 38.576 | AD26: 17.45 | AE26: =TRUNC(AB26*AC26,2) -> 1031.37 | AF26: =TRUNC(AB26*AD26,2) -> 466.54
A27: 20 | B27: PONTE CÓRREGO RIBEIRÃO DA AREIA | C27: CG 284 | D27: -21° 27'8", -53° 51'43" | E27: 10 | F27: 4.5 | G27: 2 | H27: =ROUNDUP((E27/6)+1,0)*G27 -> 6 | I27: =H27*3.5 -> 21 | J27: =E27*F27*G27 -> 90 | K27: =E27-L27 -> 10 | L27: 0 | M27: =((3*G27*2)+(F27*G27)) -> 21 | N27: =(14.03*G27)*2 -> 56.12 | O27: =(14.03*G27)*2 -> 56.12 | P27: =E27 -> 10 | Q27: =E27 -> 10 | R27: =Q27 -> 10 | S27: =0.578*H27*1.53 -> 5.30604 | T27: =0.3*I27*1.53 -> 9.639 | U27: =0.675*K27*1.53 -> 10.3275 | V27: =0.675*L27*1.53 -> 0 | W27: =0.114*M27*1.53 -> 3.66282 | X27: =0.27*P27*1.53 -> 4.131 | Y27: =0.144*Q27*1.53 -> 2.2032 | Z27: =0.045*R27*1.53 -> 0.6885 | AA27: =0.05*J27 -> 4.5 | AB27: =SUM(S27:AA27) -> 40.45806 | AC27: 175.015 | AD27: 22.484 | AE27: =TRUNC(AB27*AC27,2) -> 7080.76 | AF27: =TRUNC(AB27*AD27,2) -> 909.65
A28: 21 | B28: PONTE RIBEIRÃO DA AREIA | C28: CG 286 | D28: -21°32'30.07", -53°48'58.11" | E28: 12 | F28: 4.5 | G28: 2 | H28: =ROUNDUP((E28/6)+1,0)*G28 -> 6 | I28: =H28*3.5 -> 21 | J28: =E28*F28*G28 -> 108 | K28: =E28-L28 -> 12 | L28: 0 | M28: =((3*G28*2)+(F28*G28)) -> 21 | N28: =(14.03*G28)*2 -> 56.12 | O28: =(14.03*G28)*2 -> 56.12 | P28: =E28 -> 12 | Q28: =E28 -> 12 | R28: =Q28 -> 12 | S28: =0.578*H28*1.53 -> 5.30604 | T28: =0.3*I28*1.53 -> 9.639 | U28: =0.675*K28*1.53 -> 12.393 | V28: =0.675*L28*1.53 -> 0 | W28: =0.114*M28*1.53 -> 3.66282 | X28: =0.27*P28*1.53 -> 4.9572 | Y28: =0.144*Q28*1.53 -> 2.64384 | Z28: =0.045*R28*1.53 -> 0.8262 | AA28: =0.05*J28 -> 5.4 | AB28: =SUM(S28:AA28) -> 44.8281 | AC28: 175.015 | AD28: 11.516 | AE28: =TRUNC(AB28*AC28,2) -> 7845.58 | AF28: =TRUNC(AB28*AD28,2) -> 516.24
A29: 22 | B29: PONTE CÓRREGO DA ONÇA | C29: CG 286 RAMAL 1 | D29: -21°32'11.29", -53°43'48.92" | E29: 7 | F29: 4.5 | G29: 2 | H29: =ROUNDUP((E29/6)+1,0)*G29 -> 6 | I29: =H29*3.5 -> 21 | J29: =E29*F29*G29 -> 63 | K29: =E29-L29 -> 7 | L29: 0 | M29: =((3*G29*2)+(F29*G29)) -> 21 | N29: =(14.03*G29)*2 -> 56.12 | O29: =(14.03*G29)*2 -> 56.12 | P29: =E29 -> 7 | Q29: =E29 -> 7 | R29: =Q29 -> 7 | S29: =0.578*H29*1.53 -> 5.30604 | T29: =0.3*I29*1.53 -> 9.639 | U29: =0.675*K29*1.53 -> 7.22925 | V29: =0.675*L29*1.53 -> 0 | W29: =0.114*M29*1.53 -> 3.66282 | X29: =0.27*P29*1.53 -> 2.8917 | Y29: =0.144*Q29*1.53 -> 1.54224 | Z29: =0.045*R29*1.53 -> 0.48195 | AA29: =0.05*J29 -> 3.15 | AB29: =SUM(S29:AA29) -> 33.903 | AC29: 175.015 | AD29: 26.198 | AE29: =TRUNC(AB29*AC29,2) -> 5933.53 | AF29: =TRUNC(AB29*AD29,2) -> 888.19
A30: 23 | B30: PONTE CÓRREGO POUSO ALEGRE | C30: CG 324 | D30: -20°48'12.24", -54°24'30.94" | E30: 5.5 | F30: 4.5 | G30: 2 | H30: =ROUNDUP((E30/6)+1,0)*G30 -> 4 | I30: =H30*3.5 -> 14 | J30: =E30*F30*G30 -> 49.5 | K30: =E30-L30 -> 5.5 | L30: 0 | M30: =((3*G30*2)+(F30*G30)) -> 21 | N30: =(14.03*G30)*2 -> 56.12 | O30: =(14.03*G30)*2 -> 56.12 | P30: =E30 -> 5.5 | Q30: =E30 -> 5.5 | R30: =Q30 -> 5.5 | S30: =0.578*H30*1.53 -> 3.53736 | T30: =0.3*I30*1.53 -> 6.426 | U30: =0.675*K30*1.53 -> 5.680125 | V30: =0.675*L30*1.53 -> 0 | W30: =0.114*M30*1.53 -> 3.66282 | X30: =0.27*P30*1.53 -> 2.27205 | Y30: =0.144*Q30*1.53 -> 1.21176 | Z30: =0.045*R30*1.53 -> 0.378675 | AA30: =0.05*J30 -> 2.475 | AB30: =SUM(S30:AA30) -> 25.64379 | AC30: 31.14 | AD30: 18.607 | AE30: =TRUNC(AB30*AC30,2) -> 798.54 | AF30: =TRUNC(AB30*AD30,2) -> 477.15
A31: 24 | B31: PONTE CÓRREGO DAS ARARAS | C31: CG 324 | D31: -21° 6'11.64", -54° 7'7.19" | E31: 6 | F31: 4.5 | G31: 2 | H31: =ROUNDUP((E31/6)+1,0)*G31 -> 4 | I31: =H31*3.5 -> 14 | J31: =E31*F31*G31 -> 54 | K31: =E31-L31 -> 6 | L31: 0 | M31: =((3*G31*2)+(F31*G31)) -> 21 | N31: =(14.03*G31)*2 -> 56.12 | O31: =(14.03*G31)*2 -> 56.12 | P31: =E31 -> 6 | Q31: =E31 -> 6 | R31: =Q31 -> 6 | S31: =0.578*H31*1.53 -> 3.53736 | T31: =0.3*I31*1.53 -> 6.426 | U31: =0.675*K31*1.53 -> 6.1965 | V31: =0.675*L31*1.53 -> 0 | W31: =0.114*M31*1.53 -> 3.66282 | X31: =0.27*P31*1.53 -> 2.4786 | Y31: =0.144*Q31*1.53 -> 1.32192 | Z31: =0.045*R31*1.53 -> 0.4131 | AA31: =0.05*J31 -> 2.7 | AB31: =SUM(S31:AA31) -> 26.7363 | AC31: 31.14 | AD31: 65.834 | AE31: =TRUNC(AB31*AC31,2) -> 832.56 | AF31: =TRUNC(AB31*AD31,2) -> 1760.15
A32: 25 | B32: PONTE CÓRREGO CAPÃO BONITO | C32: CG 342 RAMAL 2 | D32: -21° 5'1.55", -54°19'28.07" | E32: 7 | F32: 4.5 | G32: 2 | H32: =ROUNDUP((E32/6)+1,0)*G32 -> 6 | I32: =H32*3.5 -> 21 | J32: =E32*F32*G32 -> 63 | K32: =E32-L32 -> 7 | L32: 0 | M32: =((3*G32*2)+(F32*G32)) -> 21 | N32: =(14.03*G32)*2 -> 56.12 | O32: =(14.03*G32)*2 -> 56.12 | P32: =E32 -> 7 | Q32: =E32 -> 7 | R32: =Q32 -> 7 | S32: =0.578*H32*1.53 -> 5.30604 | T32: =0.3*I32*1.53 -> 9.639 | U32: =0.675*K32*1.53 -> 7.22925 | V32: =0.675*L32*1.53 -> 0 | W32: =0.114*M32*1.53 -> 3.66282 | X32: =0.27*P32*1.53 -> 2.8917 | Y32: =0.144*Q32*1.53 -> 1.54224 | Z32: =0.045*R32*1.53 -> 0.48195 | AA32: =0.05*J32 -> 3.15 | AB32: =SUM(S32:AA32) -> 33.903 | AC32: 77.788 | AD32: 19.93 | AE32: =TRUNC(AB32*AC32,2) -> 2637.24 | AF32: =TRUNC(AB32*AD32,2) -> 675.68
A33: 26 | B33: PONTE CÓRREGO CABECEIRA DA SERRANIA | C33: CG 482 | D33: -21°13'43.85", - 53°41'58.22" | E33: 12 | F33: 4.5 | G33: 2 | H33: =ROUNDUP((E33/6)+1,0)*G33 -> 6 | I33: =H33*3.5 -> 21 | J33: =E33*F33*G33 -> 108 | K33: =E33-L33 -> 12 | L33: 0 | M33: =((3*G33*2)+(F33*G33)) -> 21 | N33: =(14.03*G33)*2 -> 56.12 | O33: =(14.03*G33)*2 -> 56.12 | P33: =E33 -> 12 | Q33: =E33 -> 12 | R33: =Q33 -> 12 | S33: =0.578*H33*1.53 -> 5.30604 | T33: =0.3*I33*1.53 -> 9.639 | U33: =0.675*K33*1.53 -> 12.393 | V33: =0.675*L33*1.53 -> 0 | W33: =0.114*M33*1.53 -> 3.66282 | X33: =0.27*P33*1.53 -> 4.9572 | Y33: =0.144*Q33*1.53 -> 2.64384 | Z33: =0.045*R33*1.53 -> 0.8262 | AA33: =0.05*J33 -> 5.4 | AB33: =SUM(S33:AA33) -> 44.8281 | AC33: 136.216 | AD33: 16.351 | AE33: =TRUNC(AB33*AC33,2) -> 6106.3 | AF33: =TRUNC(AB33*AD33,2) -> 732.98
A34: 27 | B34: PONTE CÓRREGO MANGUE | C34: CG 486 | D34: -20º 54'54'', -54º 13'37'' | E34: 10 | F34: 4.5 | G34: 2 | H34: =ROUNDUP((E34/6)+1,0)*G34 -> 6 | I34: =H34*3.5 -> 21 | J34: =E34*F34*G34 -> 90 | K34: =E34-L34 -> 10 | L34: 0 | M34: =((3*G34*2)+(F34*G34)) -> 21 | N34: =(14.03*G34)*2 -> 56.12 | O34: =(14.03*G34)*2 -> 56.12 | P34: =E34 -> 10 | Q34: =E34 -> 10 | R34: =Q34 -> 10 | S34: =0.578*H34*1.53 -> 5.30604 | T34: =0.3*I34*1.53 -> 9.639 | U34: =0.675*K34*1.53 -> 10.3275 | V34: =0.675*L34*1.53 -> 0 | W34: =0.114*M34*1.53 -> 3.66282 | X34: =0.27*P34*1.53 -> 4.131 | Y34: =0.144*Q34*1.53 -> 2.2032 | Z34: =0.045*R34*1.53 -> 0.6885 | AA34: =0.05*J34 -> 4.5 | AB34: =SUM(S34:AA34) -> 40.45806 | AC34: 31.142 | AD34: 44.496 | AE34: =TRUNC(AB34*AC34,2) -> 1259.94 | AF34: =TRUNC(AB34*AD34,2) -> 1800.22
A35: 28 | B35: PONTE CÓRREGO BURITI | C35: CG 486 | D35: -20°52'43.46", -54°17'24.69" | E35: 6 | F35: 4.5 | G35: 2 | H35: =ROUNDUP((E35/6)+1,0)*G35 -> 4 | I35: =H35*3.5 -> 14 | J35: =E35*F35*G35 -> 54 | K35: =E35-L35 -> 6 | L35: 0 | M35: =((3*G35*2)+(F35*G35)) -> 21 | N35: =(14.03*G35)*2 -> 56.12 | O35: =(14.03*G35)*2 -> 56.12 | P35: =E35 -> 6 | Q35: =E35 -> 6 | R35: =Q35 -> 6 | S35: =0.578*H35*1.53 -> 3.53736 | T35: =0.3*I35*1.53 -> 6.426 | U35: =0.675*K35*1.53 -> 6.1965 | V35: =0.675*L35*1.53 -> 0 | W35: =0.114*M35*1.53 -> 3.66282 | X35: =0.27*P35*1.53 -> 2.4786 | Y35: =0.144*Q35*1.53 -> 1.32192 | Z35: =0.045*R35*1.53 -> 0.4131 | AA35: =0.05*J35 -> 2.7 | AB35: =SUM(S35:AA35) -> 26.7363 | AC35: 31.142 | AD35: 35.274 | AE35: =TRUNC(AB35*AC35,2) -> 832.62 | AF35: =TRUNC(AB35*AD35,2) -> 943.09
A36: 29 | B36: PONTE CÓRREGO LARANJINHA | C36: CG 254 | D36: -20º 38'35'', -54º 31'57'' | E36: 7 | F36: 4.5 | G36: 2.2 | H36: =ROUNDUP((E36/6)+1,0)*G36 -> 6.6 | I36: =H36*3.5 -> 23.1 | J36: =E36*F36*G36 -> 69.3 | K36: =E36-L36 -> 7 | L36: 0 | M36: =((3*G36*2)+(F36*G36)) -> 23.1 | N36: =(14.03*G36)*2 -> 61.732 | O36: =(14.03*G36)*2 -> 61.732 | P36: =E36 -> 7 | Q36: =E36 -> 7 | R36: =Q36 -> 7 | S36: =0.578*H36*1.53 -> 5.836644 | T36: =0.3*I36*1.53 -> 10.6029 | U36: =0.675*K36*1.53 -> 7.22925 | V36: =0.675*L36*1.53 -> 0 | W36: =0.114*M36*1.53 -> 4.029102 | X36: =0.27*P36*1.53 -> 2.8917 | Y36: =0.144*Q36*1.53 -> 1.54224 | Z36: =0.045*R36*1.53 -> 0.48195 | AA36: =0.05*J36 -> 3.465 | AB36: =SUM(S36:AA36) -> 36.078786 | AC36: 27.663 | AD36: 2.353 | AE36: =TRUNC(AB36*AC36,2) -> 998.04 | AF36: =TRUNC(AB36*AD36,2) -> 84.89
A37: 30 | B37: PONTE CÓRREGO MIMOSO | C37: CG 284 | D37: -21°32'31.0" -53°53'21.0" | E37: 18 | F37: 4.5 | G37: 2.2 | H37: =ROUNDUP((E37/6)+1,0)*G37 -> 8.8 | I37: =H37*3.5 -> 30.8 | J37: =E37*F37*G37 -> 178.2 | K37: =E37-L37 -> 18 | L37: 0 | M37: =((3*G37*2)+(F37*G37)) -> 23.1 | N37: =(14.03*G37)*2 -> 61.732 | O37: =(14.03*G37)*2 -> 61.732 | P37: =E37 -> 18 | Q37: =E37 -> 18 | R37: =Q37 -> 18 | S37: =0.578*H37*1.53 -> 7.782192 | T37: =0.3*I37*1.53 -> 14.1372 | U37: =0.675*K37*1.53 -> 18.5895 | V37: =0.675*L37*1.53 -> 0 | W37: =0.114*M37*1.53 -> 4.029102 | X37: =0.27*P37*1.53 -> 7.4358 | Y37: =0.144*Q37*1.53 -> 3.96576 | Z37: =0.045*R37*1.53 -> 1.2393 | AA37: =0.05*J37 -> 8.91 | AB37: =SUM(S37:AA37) -> 66.088854 | AC37: 175.015 | AD37: 7.543 | AE37: =TRUNC(AB37*AC37,2) -> 11566.54 | AF37: =TRUNC(AB37*AD37,2) -> 498.5
A38: 31 | B38: PONTE NO CÓRREGO CEREJEIRA | C38: PROLONGAMENTO A RUA CAETANO PERETI | D38: -20º 23'59'', -54º 36'15'' | E38: 6.5 | F38: 4.5 | G38: 2.45 | H38: =ROUNDDOWN((E38/6)+1,0) -> 2 | I38: =H38*3.5 -> 7 | J38: =E38*F38*G38 -> 71.6625 | K38: =E38-L38 -> 6.5 | L38: 0 | M38: =((3*G38*2)+(F38*G38)) -> 25.725 | N38: =(14.03*G38)*2 -> 68.747 | O38: =(14.03*G38)*2 -> 68.747 | P38: =E38 -> 6.5 | Q38: =E38 -> 6.5 | R38: =Q38 -> 6.5 | S38: =0.578*H38*1.53 -> 1.76868 | T38: =0.3*I38*1.53 -> 3.213 | U38: =0.675*K38*1.53 -> 6.712875 | V38: =0.675*L38*1.53 -> 0 | W38: =0.114*M38*1.53 -> 4.4869545 | X38: =0.27*P38*1.53 -> 2.68515 | Y38: =0.144*Q38*1.53 -> 1.43208 | Z38: =0.045*R38*1.53 -> 0.447525 | AA38: =0.05*J38 -> 3.583125 | AB38: =SUM(S38:AA38) -> 24.329389 | AC38: 5.674 | AD38: 2.681 | AE38: =TRUNC(AB38*AC38,2) -> 138.04 | AF38: =TRUNC(AB38*AD38,2) -> 65.22
A39: 32 | B39: PONTE CÓRREGO GUARIROBA | C39: CG 180 | D39: -20°32'57.0" 54°17'17.0" | E39: 18.4 | F39: 4.5 | G39: 2.5 | H39: =ROUNDUP((E39/6)+1,0)*G39 -> 12.5 | I39: =H39*3.5 -> 43.75 | J39: =E39*F39*G39 -> 207 | K39: =E39-L39 -> 18.4 | L39: 0 | M39: =((3*G39*2)+(F39*G39)) -> 26.25 | N39: =(14.03*G39)*2 -> 70.15 | O39: =(14.03*G39)*2 -> 70.15 | P39: =E39 -> 18.4 | Q39: =E39 -> 18.4 | R39: =Q39 -> 18.4 | S39: =0.578*H39*1.53 -> 11.05425 | T39: =0.3*I39*1.53 -> 20.08125 | U39: =0.675*K39*1.53 -> 19.0026 | V39: =0.675*L39*1.53 -> 0 | W39: =0.114*M39*1.53 -> 4.578525 | X39: =0.27*P39*1.53 -> 7.60104 | Y39: =0.144*Q39*1.53 -> 4.053888 | Z39: =0.045*R39*1.53 -> 1.26684 | AA39: =0.05*J39 -> 10.35 | AB39: =SUM(S39:AA39) -> 77.988393 | AC39: 38.576 | AD39: 5.313 | AE39: =TRUNC(AB39*AC39,2) -> 3008.48 | AF39: =TRUNC(AB39*AD39,2) -> 414.35
A40: 33 | B40: PONTE CÓRREGO RINCÃO | C40: CG 216 RAMAL 1 | D40: -20° 17'44.08", -54º 39'34.54" | E40: 6 | F40: 4.5 | G40: 2.5 | H40: =ROUNDUP((E40/6)+1,0)*G40 -> 5 | I40: =H40*3.5 -> 17.5 | J40: =E40*F40*G40 -> 67.5 | K40: =E40-L40 -> 6 | L40: 0 | M40: =((3*G40*2)+(F40*G40)) -> 26.25 | N40: =(14.03*G40)*2 -> 70.15 | O40: =(14.03*G40)*2 -> 70.15 | P40: =E40 -> 6 | Q40: =E40 -> 6 | R40: =Q40 -> 6 | S40: =0.578*H40*1.53 -> 4.4217 | T40: =0.3*I40*1.53 -> 8.0325 | U40: =0.675*K40*1.53 -> 6.1965 | V40: =0.675*L40*1.53 -> 0 | W40: =0.114*M40*1.53 -> 4.578525 | X40: =0.27*P40*1.53 -> 2.4786 | Y40: =0.144*Q40*1.53 -> 1.32192 | Z40: =0.045*R40*1.53 -> 0.4131 | AA40: =0.05*J40 -> 3.375 | AB40: =SUM(S40:AA40) -> 30.817845 | AC40: 19.881 | AD40: 6.247 | AE40: =TRUNC(AB40*AC40,2) -> 612.68 | AF40: =TRUNC(AB40*AD40,2) -> 192.51
A41: 34 | B41: PONTE CÓRREGO MANTENA | C41: CG 222 RAMAL 3 | D41: -20°13'5.76", -54°54'26.18" | E41: 6 | F41: 4.5 | G41: 2.5 | H41: =ROUNDUP((E41/6)+1,0)*G41 -> 5 | I41: =H41*3.5 -> 17.5 | J41: =E41*F41*G41 -> 67.5 | K41: =E41-L41 -> 6 | L41: 0 | M41: =((3*G41*2)+(F41*G41)) -> 26.25 | N41: =(14.03*G41)*2 -> 70.15 | O41: =(14.03*G41)*2 -> 70.15 | P41: =E41 -> 6 | Q41: =E41 -> 6 | R41: =Q41 -> 6 | S41: =0.578*H41*1.53 -> 4.4217 | T41: =0.3*I41*1.53 -> 8.0325 | U41: =0.675*K41*1.53 -> 6.1965 | V41: =0.675*L41*1.53 -> 0 | W41: =0.114*M41*1.53 -> 4.578525 | X41: =0.27*P41*1.53 -> 2.4786 | Y41: =0.144*Q41*1.53 -> 1.32192 | Z41: =0.045*R41*1.53 -> 0.4131 | AA41: =0.05*J41 -> 3.375 | AB41: =SUM(S41:AA41) -> 30.817845 | AC41: 34.643 | AD41: 14.126 | AE41: =TRUNC(AB41*AC41,2) -> 1067.62 | AF41: =TRUNC(AB41*AD41,2) -> 435.33
A42: 35 | B42: PONTE CÓRREGO POUSO ALEGRE | C42: CG 268 | D42: -20°53'50.90", - 54°26'15.43" | E42: 7 | F42: 4.5 | G42: 2.5 | H42: =ROUNDUP((E42/6)+1,0)*G42 -> 7.5 | I42: =H42*3.5 -> 26.25 | J42: =E42*F42*G42 -> 78.75 | K42: =E42-L42 -> 7 | L42: 0 | M42: =((3*G42*2)+(F42*G42)) -> 26.25 | N42: =(14.03*G42)*2 -> 70.15 | O42: =(14.03*G42)*2 -> 70.15 | P42: =E42 -> 7 | Q42: =E42 -> 7 | R42: =Q42 -> 7 | S42: =0.578*H42*1.53 -> 6.63255 | T42: =0.3*I42*1.53 -> 12.04875 | U42: =0.675*K42*1.53 -> 7.22925 | V42: =0.675*L42*1.53 -> 0 | W42: =0.114*M42*1.53 -> 4.578525 | X42: =0.27*P42*1.53 -> 2.8917 | Y42: =0.144*Q42*1.53 -> 1.54224 | Z42: =0.045*R42*1.53 -> 0.48195 | AA42: =0.05*J42 -> 3.9375 | AB42: =SUM(S42:AA42) -> 39.342465 | AC42: 47.165 | AD42: 8.607 | AE42: =TRUNC(AB42*AC42,2) -> 1855.58 | AF42: =TRUNC(AB42*AD42,2) -> 338.62
A43: 36 | B43: PONTE CÓRREGO POUSO ALEGRE | C43: CG 270 | D43: -20°55'24.50", -54°27'7.65" | E43: 10 | F43: 4.5 | G43: 2.5 | H43: =ROUNDUP((E43/6)+1,0)*G43 -> 7.5 | I43: =H43*3.5 -> 26.25 | J43: =E43*F43*G43 -> 112.5 | K43: =E43-L43 -> 10 | L43: 0 | M43: =((3*G43*2)+(F43*G43)) -> 26.25 | N43: =(14.03*G43)*2 -> 70.15 | O43: =(14.03*G43)*2 -> 70.15 | P43: =E43 -> 10 | Q43: =E43 -> 10 | R43: =Q43 -> 10 | S43: =0.578*H43*1.53 -> 6.63255 | T43: =0.3*I43*1.53 -> 12.04875 | U43: =0.675*K43*1.53 -> 10.3275 | V43: =0.675*L43*1.53 -> 0 | W43: =0.114*M43*1.53 -> 4.578525 | X43: =0.27*P43*1.53 -> 4.131 | Y43: =0.144*Q43*1.53 -> 2.2032 | Z43: =0.045*R43*1.53 -> 0.6885 | AA43: =0.05*J43 -> 5.625 | AB43: =SUM(S43:AA43) -> 46.235025 | AC43: 53.125 | AD43: 5.035 | AE43: =TRUNC(AB43*AC43,2) -> 2456.23 | AF43: =TRUNC(AB43*AD43,2) -> 232.79
A44: 37 | B44: PONTE CÓRREGO CABECEIRA DOIS BOIS | C44: CG 315 | D44: -20º 36'2'', -54º 36'34'' | E44: 5 | F44: 4.5 | G44: 2.5 | H44: =ROUNDUP((E44/6)+1,0)*G44 -> 5 | I44: =H44*3.5 -> 17.5 | J44: =E44*F44*G44 -> 56.25 | K44: =E44-L44 -> 5 | L44: 0 | M44: =((3*G44*2)+(F44*G44)) -> 26.25 | N44: =(14.03*G44)*2 -> 70.15 | O44: =(14.03*G44)*2 -> 70.15 | P44: =E44 -> 5 | Q44: =E44 -> 5 | R44: =Q44 -> 5 | S44: =0.578*H44*1.53 -> 4.4217 | T44: =0.3*I44*1.53 -> 8.0325 | U44: =0.675*K44*1.53 -> 5.16375 | V44: =0.675*L44*1.53 -> 0 | W44: =0.114*M44*1.53 -> 4.578525 | X44: =0.27*P44*1.53 -> 2.0655 | Y44: =0.144*Q44*1.53 -> 1.1016 | Z44: =0.045*R44*1.53 -> 0.34425 | AA44: =0.05*J44 -> 2.8125 | AB44: =SUM(S44:AA44) -> 28.520325 | AC44: 12.514 | AD44: 4.465 | AE44: =TRUNC(AB44*AC44,2) -> 356.9 | AF44: =TRUNC(AB44*AD44,2) -> 127.34
A45: 38 | B45: PONTE RIO ANHANDUIZINHO | C45: CG 324 RAMAL 1 | D45: -21° 4'42.39", -54° 7'8.54" | E45: 24 | F45: 4.5 | G45: 2.5 | H45: =ROUNDUP((E45/6)+1,0)*G45 -> 12.5 | I45: =H45*3.5 -> 43.75 | J45: =E45*F45*G45 -> 270 | K45: =E45-L45 -> 24 | L45: 0 | M45: =((3*G45*2)+(F45*G45)) -> 26.25 | N45: =(14.03*G45)*2 -> 70.15 | O45: =(14.03*G45)*2 -> 70.15 | P45: =E45 -> 24 | Q45: =E45 -> 24 | R45: =Q45 -> 24 | S45: =0.578*H45*1.53 -> 11.05425 | T45: =0.3*I45*1.53 -> 20.08125 | U45: =0.675*K45*1.53 -> 24.786 | V45: =0.675*L45*1.53 -> 0 | W45: =0.114*M45*1.53 -> 4.578525 | X45: =0.27*P45*1.53 -> 9.9144 | Y45: =0.144*Q45*1.53 -> 5.28768 | Z45: =0.045*R45*1.53 -> 1.6524 | AA45: =0.05*J45 -> 13.5 | AB45: =SUM(S45:AA45) -> 90.854505 | AC45: 31.14 | AD45: 65.86 | AE45: =TRUNC(AB45*AC45,2) -> 2829.2 | AF45: =TRUNC(AB45*AD45,2) -> 5983.67
A46: 39 | B46: PONTE CÓRREGO LISO | C46: CG 342 | D46: -21°20'26.0" -54°10'23.0" | E46: 5.5 | F46: 4.5 | G46: 2.5 | H46: =ROUNDUP((E46/6)+1,0)*G46 -> 5 | I46: =H46*3.5 -> 17.5 | J46: =E46*F46*G46 -> 61.875 | K46: =E46-L46 -> 5.5 | L46: 0 | M46: =((3*G46*2)+(F46*G46)) -> 26.25 | N46: =(14.03*G46)*2 -> 70.15 | O46: =(14.03*G46)*2 -> 70.15 | P46: =E46 -> 5.5 | Q46: =E46 -> 5.5 | R46: =Q46 -> 5.5 | S46: =0.578*H46*1.53 -> 4.4217 | T46: =0.3*I46*1.53 -> 8.0325 | U46: =0.675*K46*1.53 -> 5.680125 | V46: =0.675*L46*1.53 -> 0 | W46: =0.114*M46*1.53 -> 4.578525 | X46: =0.27*P46*1.53 -> 2.27205 | Y46: =0.144*Q46*1.53 -> 1.21176 | Z46: =0.045*R46*1.53 -> 0.378675 | AA46: =0.05*J46 -> 3.09375 | AB46: =SUM(S46:AA46) -> 29.669085 | AC46: 136.39 | AD46: 33.175 | AE46: =TRUNC(AB46*AC46,2) -> 4046.56 | AF46: =TRUNC(AB46*AD46,2) -> 984.27
A47: 40 | B47: PONTE CÓRREGO GAMELEIRA | C47: CG 466 | D47: -20º 40'34'', -54º 41'46'' | E47: 7 | F47: 4.5 | G47: 2.5 | H47: =ROUNDUP((E47/6)+1,0)*G47 -> 7.5 | I47: =H47*3.5 -> 26.25 | J47: =E47*F47*G47 -> 78.75 | K47: =E47-L47 -> 7 | L47: 0 | M47: =((3*G47*2)+(F47*G47)) -> 26.25 | N47: =(14.03*G47)*2 -> 70.15 | O47: =(14.03*G47)*2 -> 70.15 | P47: =E47 -> 7 | Q47: =E47 -> 7 | R47: =Q47 -> 7 | S47: =0.578*H47*1.53 -> 6.63255 | T47: =0.3*I47*1.53 -> 12.04875 | U47: =0.675*K47*1.53 -> 7.22925 | V47: =0.675*L47*1.53 -> 0 | W47: =0.114*M47*1.53 -> 4.578525 | X47: =0.27*P47*1.53 -> 2.8917 | Y47: =0.144*Q47*1.53 -> 1.54224 | Z47: =0.045*R47*1.53 -> 0.48195 | AA47: =0.05*J47 -> 3.9375 | AB47: =SUM(S47:AA47) -> 39.342465 | AC47: 17.716 | AD47: 12.357 | AE47: =TRUNC(AB47*AC47,2) -> 696.99 | AF47: =TRUNC(AB47*AD47,2) -> 486.15
A48: 41 | B48: PONTE AFLUENTE DO FORTALEZA | C48: CG 477 | D48: -21° 0'54.03", -54° 9'57.04" | E48: 7 | F48: 4.5 | G48: 2.5 | H48: =ROUNDUP((E48/6)+1,0)*G48 -> 7.5 | I48: =H48*3.5 -> 26.25 | J48: =E48*F48*G48 -> 78.75 | K48: =E48-L48 -> 7 | L48: 0 | M48: =((3*G48*2)+(F48*G48)) -> 26.25 | N48: =(14.03*G48)*2 -> 70.15 | O48: =(14.03*G48)*2 -> 70.15 | P48: =E48 -> 7 | Q48: =E48 -> 7 | R48: =Q48 -> 7 | S48: =0.578*H48*1.53 -> 6.63255 | T48: =0.3*I48*1.53 -> 12.04875 | U48: =0.675*K48*1.53 -> 7.22925 | V48: =0.675*L48*1.53 -> 0 | W48: =0.114*M48*1.53 -> 4.578525 | X48: =0.27*P48*1.53 -> 2.8917 | Y48: =0.144*Q48*1.53 -> 1.54224 | Z48: =0.045*R48*1.53 -> 0.48195 | AA48: =0.05*J48 -> 3.9375 | AB48: =SUM(S48:AA48) -> 39.342465 | AC48: 95.098 | AD48: 10.135 | AE48: =TRUNC(AB48*AC48,2) -> 3741.38 | AF48: =TRUNC(AB48*AD48,2) -> 398.73
A49: 42 | B49: PONTE CÓRREGO RIBEIRÃO DA CACHOEIRA | C49: CG 488 | D49: -20°51'18"- 54°37'58" | E49: 20 | F49: 4.5 | G49: 2.5 | H49: =ROUNDUP((E49/6)+1,0)*G49 -> 12.5 | I49: =H49*3.5 -> 43.75 | J49: =E49*F49*G49 -> 225 | K49: =E49-L49 -> 20 | L49: 0 | M49: =((3*G49*2)+(F49*G49)) -> 26.25 | N49: =(14.03*G49)*2 -> 70.15 | O49: =(14.03*G49)*2 -> 70.15 | P49: =E49 -> 20 | Q49: =E49 -> 20 | R49: =Q49 -> 20 | S49: =0.578*H49*1.53 -> 11.05425 | T49: =0.3*I49*1.53 -> 20.08125 | U49: =0.675*K49*1.53 -> 20.655 | V49: =0.675*L49*1.53 -> 0 | W49: =0.114*M49*1.53 -> 4.578525 | X49: =0.27*P49*1.53 -> 8.262 | Y49: =0.144*Q49*1.53 -> 4.4064 | Z49: =0.045*R49*1.53 -> 1.377 | AA49: =0.05*J49 -> 11.25 | AB49: =SUM(S49:AA49) -> 81.664425 | AC49: 42.645 | AD49: 18.113 | AE49: =TRUNC(AB49*AC49,2) -> 3482.57 | AF49: =TRUNC(AB49*AD49,2) -> 1479.18
A50: 43 | B50: PONTE CÓRREGO RIBEIRÃO DO LONTRA | C50: CG 230 | D50: -20°58'38.23", -53°53'22.51" | E50: 24 | F50: 4.5 | G50: 2.8 | H50: =ROUNDUP((E50/6)+1,0)*G50 -> 14 | I50: =H50*3.5 -> 49 | J50: =E50*F50*G50 -> 302.4 | K50: =E50-L50 -> 24 | L50: 0 | M50: =((3*G50*2)+(F50*G50)) -> 29.4 | N50: =(14.03*G50)*2 -> 78.568 | O50: =(14.03*G50)*2 -> 78.568 | P50: =E50 -> 24 | Q50: =E50 -> 24 | R50: =Q50 -> 24 | S50: =0.578*H50*1.53 -> 12.38076 | T50: =0.3*I50*1.53 -> 22.491 | U50: =0.675*K50*1.53 -> 24.786 | V50: =0.675*L50*1.53 -> 0 | W50: =0.114*M50*1.53 -> 5.127948 | X50: =0.27*P50*1.53 -> 9.9144 | Y50: =0.144*Q50*1.53 -> 5.28768 | Z50: =0.045*R50*1.53 -> 1.6524 | AA50: =0.05*J50 -> 15.12 | AB50: =SUM(S50:AA50) -> 96.760188 | AC50: 113.394 | AD50: 11.059 | AE50: =TRUNC(AB50*AC50,2) -> 10972.02 | AF50: =TRUNC(AB50*AD50,2) -> 1070.07
... A55: 48 | B55: PONTE CÓRREGO GERIBÁ | C55: CG 140 | D55: -20º 30'16'', -54º 23'24'' | E55: 12 | F55: 4.5 | G55: 3 | H55: =ROUNDUP((E55/6)+1,0)*G55 -> 9 | I55: =H55*3.5 -> 31.5 | J55: =E55*F55*G55 -> 162 | K55: =E55-L55 -> 12 | L55: 0 | M55: =((3*G55*2)+(F55*G55)) -> 31.5 | N55: =(14.03*G55)*2 -> 84.18 | O55: =(14.03*G55)*2 -> 84.18 | P55: =E55 -> 12 | Q55: =E55 -> 12 | R55: =Q55 -> 12 | S55: =0.578*H55*1.53 -> 7.95906 | T55: =0.3*I55*1.53 -> 14.4585 | U55: =0.675*K55*1.53 -> 12.393 | V55: =0.675*L55*1.53 -> 0 | W55: =0.114*M55*1.53 -> 5.49423 | X55: =0.27*P55*1.53 -> 4.9572 | Y55: =0.144*Q55*1.53 -> 2.64384 | Z55: =0.045*R55*1.53 -> 0.8262 | AA55: =0.05*J55 -> 8.1 | AB55: =SUM(S55:AA55) -> 56.83203 | AC55: 24.021 | AD55: 4.104 | AE55: =TRUNC(AB55*AC55,2) -> 1365.16 | AF55: =TRUNC(AB55*AD55,2) -> 233.23
A56: 49 | B56: PONTE CÓRREGO SALTINHO | C56: CG 140 | D56: -20º 33'25'', - 54º 23'49'' | E56: 7.7 | F56: 4.5 | G56: 3 | H56: =ROUNDUP((E56/6),0)*G56 -> 6 | I56: =H56*3.5 -> 21 | J56: =E56*F56*G56 -> 103.95 | K56: =E56-L56 -> 7.7 | L56: 0 | M56: =((3*G56*2)+(F56*G56)) -> 31.5 | N56: =(14.03*G56)*2 -> 84.18 | O56: =(14.03*G56)*2 -> 84.18 | P56: =E56 -> 7.7 | Q56: =E56 -> 7.7 | R56: =Q56 -> 7.7 | S56: =0.578*H56*1.53 -> 5.30604 | T56: =0.3*I56*1.53 -> 9.639 | U56: =0.675*K56*1.53 -> 7.952175 | V56: =0.675*L56*1.53 -> 0 | W56: =0.114*M56*1.53 -> 5.49423 | X56: =0.27*P56*1.53 -> 3.18087 | Y56: =0.144*Q56*1.53 -> 1.696464 | Z56: =0.045*R56*1.53 -> 0.530145 | AA56: =0.05*J56 -> 5.1975 | AB56: =SUM(S56:AA56) -> 38.996424 | AC56: 24.021 | AD56: 11.241 | AE56: =TRUNC(AB56*AC56,2) -> 936.73 | AF56: =TRUNC(AB56*AD56,2) -> 438.35
A57: 50 | B57: PONTE CÓRREGO SALTINHO | C57: CG 160 - RAMAL DE LIGAÇÃO C/ A CG 140 | D57: -20º 34'29'', -54º 21'39'' | E57: 12 | F57: 4.5 | G57: 3 | H57: =ROUNDUP((E57/6)+1,0)*G57 -> 9 | I57: =H57*3.5 -> 31.5 | J57: =E57*F57*G57 -> 162 | K57: =E57-L57 -> 12 | L57: 0 | M57: =((3*G57*2)+(F57*G57)) -> 31.5 | N57: =(14.03*G57)*2 -> 84.18 | O57: =(14.03*G57)*2 -> 84.18 | P57: =E57 -> 12 | Q57: =E57 -> 12 | R57: =Q57 -> 12 | S57: =0.578*H57*1.53 -> 7.95906 | T57: =0.3*I57*1.53 -> 14.4585 | U57: =0.675*K57*1.53 -> 12.393 | V57: =0.675*L57*1.53 -> 0 | W57: =0.114*M57*1.53 -> 5.49423 | X57: =0.27*P57*1.53 -> 4.9572 | Y57: =0.144*Q57*1.53 -> 2.64384 | Z57: =0.045*R57*1.53 -> 0.8262 | AA57: =0.05*J57 -> 8.1 | AB57: =SUM(S57:AA57) -> 56.83203 | AC57: 24.021 | AD57: 16.066 | AE57: =TRUNC(AB57*AC57,2) -> 1365.16 | AF57: =TRUNC(AB57*AD57,2) -> 913.06
A58: 51 | B58: PONTE CÓRREGO GUARIROBA | C58: CG 160 | D58: -20º 34'44'', -54º 20'22'' | E58: 11 | F58: 4.5 | G58: 3 | H58: =ROUNDUP((E58/6)+1,0)*G58 -> 9 | I58: =H58*3.5 -> 31.5 | J58: =E58*F58*G58 -> 148.5 | K58: =E58-L58 -> 11 | L58: 0 | M58: =((3*G58*2)+(F58*G58)) -> 31.5 | N58: =(14.03*G58)*2 -> 84.18 | O58: =(14.03*G58)*2 -> 84.18 | P58: =E58 -> 11 | Q58: =E58 -> 11 | R58: =Q58 -> 11 | S58: =0.578*H58*1.53 -> 7.95906 | T58: =0.3*I58*1.53 -> 14.4585 | U58: =0.675*K58*1.53 -> 11.36025 | V58: =0.675*L58*1.53 -> 0 | W58: =0.114*M58*1.53 -> 5.49423 | X58: =0.27*P58*1.53 -> 4.5441 | Y58: =0.144*Q58*1.53 -> 2.42352 | Z58: =0.045*R58*1.53 -> 0.75735 | AA58: =0.05*J58 -> 7.425 | AB58: =SUM(S58:AA58) -> 54.42201 | AC58: 35.394 | AD58: 14.54 | AE58: =TRUNC(AB58*AC58,2) -> 1926.21 | AF58: =TRUNC(AB58*AD58,2) -> 791.29
A59: 52 | B59: PONTE CÓRREGO RETIRO | C59: CG 162 | D59: -20°13'35.91", -54°44'39.57" | E59: 12 | F59: 4.5 | G59: 3 | H59: =ROUNDUP((E59/6)+1,0)*G59 -> 9 | I59: =H59*3.5 -> 31.5 | J59: =E59*F59*G59 -> 162 | K59: =E59-L59 -> 12 | L59: 0 | M59: =((3*G59*2)+(F59*G59)) -> 31.5 | N59: =(14.03*G59)*2 -> 84.18 | O59: =(14.03*G59)*2 -> 84.18 | P59: =E59 -> 12 | Q59: =E59 -> 12 | R59: =Q59 -> 12 | S59: =0.578*H59*1.53 -> 7.95906 | T59: =0.3*I59*1.53 -> 14.4585 | U59: =0.675*K59*1.53 -> 12.393 | V59: =0.675*L59*1.53 -> 0 | W59: =0.114*M59*1.53 -> 5.49423 | X59: =0.27*P59*1.53 -> 4.9572 | Y59: =0.144*Q59*1.53 -> 2.64384 | Z59: =0.045*R59*1.53 -> 0.8262 | AA59: =0.05*J59 -> 8.1 | AB59: =SUM(S59:AA59) -> 56.83203 | AC59: 39.594 | AD59: 4.46 | AE59: =TRUNC(AB59*AC59,2) -> 2250.2 | AF59: =TRUNC(AB59*AD59,2) -> 253.47
A60: 53 | B60: PONTE CÓRREGO RIBEIRÃO DO LONTRA | C60: CG 210 | D60: -20°48'56.20", -54° 4'46.98" | E60: 13 | F60: 4.5 | G60: 3 | H60: =ROUNDUP((E60/6)+1,0)*G60 -> 12 | I60: =H60*3.5 -> 42 | J60: =E60*F60*G60 -> 175.5 | K60: =E60-L60 -> 13 | L60: 0 | M60: =((3*G60*2)+(F60*G60)) -> 31.5 | N60: =(14.03*G60)*2 -> 84.18 | O60: =(14.03*G60)*2 -> 84.18 | P60: =E60 -> 13 | Q60: =E60 -> 13 | R60: =Q60 -> 13 | S60: =0.578*H60*1.53 -> 10.61208 | T60: =0.3*I60*1.53 -> 19.278 | U60: =0.675*K60*1.53 -> 13.42575 | V60: =0.675*L60*1.53 -> 0 | W60: =0.114*M60*1.53 -> 5.49423 | X60: =0.27*P60*1.53 -> 5.3703 | Y60: =0.144*Q60*1.53 -> 2.86416 | Z60: =0.045*R60*1.53 -> 0.89505 | AA60: =0.05*J60 -> 8.775 | AB60: =SUM(S60:AA60) -> 66.71457 | AC60: 78.332 | AD60: 9.409 | AE60: =TRUNC(AB60*AC60,2) -> 5225.88 | AF60: =TRUNC(AB60*AD60,2) -> 627.71
A61: 54 | B61: PONTE CÓRREGO INFERNINHO | C61: CG 224 | D61: -20°22'32.68", -54°41'35.63" | E61: 11.3 | F61: 4.5 | G61: 3 | H61: =ROUNDUP((E61/6)+1,0)*G61 -> 9 | I61: =H61*3.5 -> 31.5 | J61: =E61*F61*G61 -> 152.55 | K61: =E61-L61 -> 11.3 | L61: 0 | M61: =((3*G61*2)+(F61*G61)) -> 31.5 | N61: =(14.03*G61)*2 -> 84.18 | O61: =(14.03*G61)*2 -> 84.18 | P61: =E61 -> 11.3 | Q61: =E61 -> 11.3 | R61: =Q61 -> 11.3 | S61: =0.578*H61*1.53 -> 7.95906 | T61: =0.3*I61*1.53 -> 14.4585 | U61: =0.675*K61*1.53 -> 11.670075 | V61: =0.675*L61*1.53 -> 0 | W61: =0.114*M61*1.53 -> 5.49423 | X61: =0.27*P61*1.53 -> 4.66803 | Y61: =0.144*Q61*1.53 -> 2.489616 | Z61: =0.045*R61*1.53 -> 0.778005 | AA61: =0.05*J61 -> 7.6275 | AB61: =SUM(S61:AA61) -> 55.145016 | AC61: 14.065 | AD61: 1.653 | AE61: =TRUNC(AB61*AC61,2) -> 775.61 | AF61: =TRUNC(AB61*AD61,2) -> 91.15
A62: 55 | B62: PONTE CÓRREGO CEROULA | C62: CG 224 | D62: -20°22’27” -54°41’58” | E62: 10 | F62: 4.5 | G62: 3 | H62: =ROUNDUP((E62/6)+1,0)*G62 -> 9 | I62: =H62*3.5 -> 31.5 | J62: =E62*F62*G62 -> 135 | K62: =E62-L62 -> 10 | L62: 0 | M62: =((3*G62*2)+(F62*G62)) -> 31.5 | N62: =(14.03*G62)*2 -> 84.18 | O62: =(14.03*G62)*2 -> 84.18 | P62: =E62 -> 10 | Q62: =E62 -> 10 | R62: =Q62 -> 10 | S62: =0.578*H62*1.53 -> 7.95906 | T62: =0.3*I62*1.53 -> 14.4585 | U62: =0.675*K62*1.53 -> 10.3275 | V62: =0.675*L62*1.53 -> 0 | W62: =0.114*M62*1.53 -> 5.49423 | X62: =0.27*P62*1.53 -> 4.131 | Y62: =0.144*Q62*1.53 -> 2.2032 | Z62: =0.045*R62*1.53 -> 0.6885 | AA62: =0.05*J62 -> 6.75 | AB62: =SUM(S62:AA62) -> 52.01199 | AC62: 14.065 | AD62: 2.406 | AE62: =TRUNC(AB62*AC62,2) -> 731.54 | AF62: =TRUNC(AB62*AD62,2) -> 125.14
A63: 56 | B63: PONTE RIO ANHANDUIZINHO | C63: CG 284 | D63: -21º 18'17'', -53º 49'39'' | E63: 33.5 | F63: 4.5 | G63: 3 | H63: =ROUNDUP((E63/6)+1,0)*G63 -> 21 | I63: =H63*3.5 -> 73.5 | J63: =E63*F63*G63 -> 452.25 | K63: =E63-L63 -> 33.5 | L63: 0 | M63: =((3*G63*2)+(F63*G63)) -> 31.5 | N63: =(14.03*G63)*2 -> 84.18 | O63: =(14.03*G63)*2 -> 84.18 | P63: =E63 -> 33.5 | Q63: =E63 -> 33.5 | R63: =Q63 -> 33.5 | S63: =0.578*H63*1.53 -> 18.57114 | T63: =0.3*I63*1.53 -> 33.7365 | U63: =0.675*K63*1.53 -> 34.597125 | V63: =0.675*L63*1.53 -> 0 | W63: =0.114*M63*1.53 -> 5.49423 | X63: =0.27*P63*1.53 -> 13.83885 | Y63: =0.144*Q63*1.53 -> 7.38072 | Z63: =0.045*R63*1.53 -> 2.306475 | AA63: =0.05*J63 -> 22.6125 | AB63: =SUM(S63:AA63) -> 138.53754 | AC63: 123.74 | AD63: 33.473 | AE63: =TRUNC(AB63*AC63,2) -> 17142.63 | AF63: =TRUNC(AB63*AD63,2) -> 4637.26
A64: 57 | B64: PONTE CÓRREGO CABECEIRA DO GUARIROBA | C64: CG 462 | D64: -20º 30'57'', -54º 44'54'' | E64: 7 | F64: 4.5 | G64: 3 | H64: =ROUNDUP((E64/6)+1,0)*G64 -> 9 | I64: =H64*3.5 -> 31.5 | J64: =E64*F64*G64 -> 94.5 | K64: =E64-L64 -> 7 | L64: 0 | M64: =((3*G64*2)+(F64*G64)) -> 31.5 | N64: =(14.03*G64)*2 -> 84.18 | O64: =(14.03*G64)*2 -> 84.18 | P64: =E64 -> 7 | Q64: =E64 -> 7 | R64: =Q64 -> 7 | S64: =0.578*H64*1.53 -> 7.95906 | T64: =0.3*I64*1.53 -> 14.4585 | U64: =0.675*K64*1.53 -> 7.22925 | V64: =0.675*L64*1.53 -> 0 | W64: =0.114*M64*1.53 -> 5.49423 | X64: =0.27*P64*1.53 -> 2.8917 | Y64: =0.144*Q64*1.53 -> 1.54224 | Z64: =0.045*R64*1.53 -> 0.48195 | AA64: =0.05*J64 -> 4.725 | AB64: =SUM(S64:AA64) -> 44.78193 | AC64: 15.726 | AD64: 4.951 | AE64: =TRUNC(AB64*AC64,2) -> 704.24 | AF64: =TRUNC(AB64*AD64,2) -> 221.71
A65: 58 | B65: PONTE CÓRREGO BOA VISTA | C65: CG 470 | D65: -20º 58'9'', -54º 12'26'' | E65: 7 | F65: 4.5 | G65: 3 | H65: =ROUNDUP((E65/6)+1,0)*G65 -> 9 | I65: =H65*3.5 -> 31.5 | J65: =E65*F65*G65 -> 94.5 | K65: =E65-L65 -> 7 | L65: 0 | M65: =((3*G65*2)+(F65*G65)) -> 31.5 | N65: =(14.03*G65)*2 -> 84.18 | O65: =(14.03*G65)*2 -> 84.18 | P65: =E65 -> 7 | Q65: =E65 -> 7 | R65: =Q65 -> 7 | S65: =0.578*H65*1.53 -> 7.95906 | T65: =0.3*I65*1.53 -> 14.4585 | U65: =0.675*K65*1.53 -> 7.22925 | V65: =0.675*L65*1.53 -> 0 | W65: =0.114*M65*1.53 -> 5.49423 | X65: =0.27*P65*1.53 -> 2.8917 | Y65: =0.144*Q65*1.53 -> 1.54224 | Z65: =0.045*R65*1.53 -> 0.48195 | AA65: =0.05*J65 -> 4.725 | AB65: =SUM(S65:AA65) -> 44.78193 | AC65: 90.1 | AD65: 13.505 | AE65: =TRUNC(AB65*AC65,2) -> 4034.85 | AF65: =TRUNC(AB65*AD65,2) -> 604.77
A66: 59 | B66: PONTE RIO ANHANDUIZINHO | C66: CG 470 | D66: -20º 56'51'', -54º 14'8'' | E66: 18 | F66: 4.5 | G66: 3 | H66: =ROUNDUP((E66/6)+1,0)*G66 -> 12 | I66: =H66*3.5 -> 42 | J66: =E66*F66*G66 -> 243 | K66: =E66-L66 -> 18 | L66: 0 | M66: =((3*G66*2)+(F66*G66)) -> 31.5 | N66: =(14.03*G66)*2 -> 84.18 | O66: =(14.03*G66)*2 -> 84.18 | P66: =E66 -> 18 | Q66: =E66 -> 18 | R66: =Q66 -> 18 | S66: =0.578*H66*1.53 -> 10.61208 | T66: =0.3*I66*1.53 -> 19.278 | U66: =0.675*K66*1.53 -> 18.5895 | V66: =0.675*L66*1.53 -> 0 | W66: =0.114*M66*1.53 -> 5.49423 | X66: =0.27*P66*1.53 -> 7.4358 | Y66: =0.144*Q66*1.53 -> 3.96576 | Z66: =0.045*R66*1.53 -> 1.2393 | AA66: =0.05*J66 -> 12.15 | AB66: =SUM(S66:AA66) -> 78.76467 | AC66: 90.1 | AD66: 17.416 | AE66: =TRUNC(AB66*AC66,2) -> 7096.69 | AF66: =TRUNC(AB66*AD66,2) -> 1371.76
A67: 60 | B67: PONTE CÓRREGO ANGICO | C67: CG 222 RAMAL 2 | D67: -20º 11'55'', -54º 51'53'' | E67: 15.1 | F67: 4.5 | G67: 3.2 | H67: =ROUNDUP((E67/6)+1,0)*G67 -> 12.8 | I67: =H67*3.5 -> 44.8 | J67: =E67*F67*G67 -> 217.44 | K67: =E67-L67 -> 3.1 | L67: 12 | M67: =((3*G67*2)+(F67*G67)) -> 33.6 | N67: =(14.03*G67)*2 -> 89.792 | O67: =(14.03*G67)*2 -> 89.792 | P67: =E67 -> 15.1 | Q67: =E67 -> 15.1 | R67: =Q67 -> 15.1 | S67: =0.578*H67*1.53 -> 11.319552 | T67: =0.3*I67*1.53 -> 20.5632 | U67: =0.675*K67*1.53 -> 3.201525 | V67: =0.675*L67*1.53 -> 12.393 | W67: =0.114*M67*1.53 -> 5.860512 | X67: =0.27*P67*1.53 -> 6.23781 | Y67: =0.144*Q67*1.53 -> 3.326832 | Z67: =0.045*R67*1.53 -> 1.039635 | AA67: =0.05*J67 -> 10.872 | AB67: =SUM(S67:AA67) -> 74.814066 | AC67: 34.643 | AD67: 13.324 | AE67: =TRUNC(AB67*AC67,2) -> 2591.78 | AF67: =TRUNC(AB67*AD67,2) -> 996.82
A68: 61 | B68: PONTE RIO ANHANDUIZINHO | C68: CG 474 | D68: -21° 6'55.45", -54° 3'22.03" | E68: 24 | F68: 4.5 | G68: 3.2 | H68: =ROUNDUP((E68/6)+1,0)*G68 -> 16 | I68: =H68*3.5 -> 56 | J68: =E68*F68*G68 -> 345.6 | K68: =E68-L68 -> 24 | L68: 0 | M68: =((3*G68*2)+(F68*G68)) -> 33.6 | N68: =(14.03*G68)*2 -> 89.792 | O68: =(14.03*G68)*2 -> 89.792 | P68: =E68 -> 24 | Q68: =E68 -> 24 | R68: =Q68 -> 24 | S68: =0.578*H68*1.53 -> 14.14944 | T68: =0.3*I68*1.53 -> 25.704 | U68: =0.675*K68*1.53 -> 24.786 | V68: =0.675*L68*1.53 -> 0 | W68: =0.114*M68*1.53 -> 5.860512 | X68: =0.27*P68*1.53 -> 9.9144 | Y68: =0.144*Q68*1.53 -> 5.28768 | Z68: =0.045*R68*1.53 -> 1.6524 | AA68: =0.05*J68 -> 17.28 | AB68: =SUM(S68:AA68) -> 104.63443 | AC68: 27.67 | AD68: 17.082 | AE68: =TRUNC(AB68*AC68,2) -> 2895.23 | AF68: =TRUNC(AB68*AD68,2) -> 1787.36
... A79: 72 | B79: PONTE CÓRREGO CEROULA | C79: CG 040 | D79: -20º 23'38'', -54º 40'55'' | E79: 12 | F79: 4.5 | G79: 4.4 | H79: =ROUNDUP((E79/6)+1,0)*G79 -> 13.2 | I79: =H79*3.5 -> 46.2 | J79: =E79*F79*G79 -> 237.6 | K79: =E79-L79 -> 12 | L79: 0 | M79: =((3*G79*2)+(F79*G79)) -> 46.2 | N79: =(14.03*G79)*2 -> 123.464 | O79: =(14.03*G79)*2 -> 123.464 | P79: =E79 -> 12 | Q79: =E79 -> 12 | R79: =Q79 -> 12 | S79: =0.578*H79*1.53 -> 11.673288 | T79: =0.3*I79*1.53 -> 21.2058 | U79: =0.675*K79*1.53 -> 12.393 | V79: =0.675*L79*1.53 -> 0 | W79: =0.114*M79*1.53 -> 8.058204 | X79: =0.27*P79*1.53 -> 4.9572 | Y79: =0.144*Q79*1.53 -> 2.64384 | Z79: =0.045*R79*1.53 -> 0.8262 | AA79: =0.05*J79 -> 11.88 | AB79: =SUM(S79:AA79) -> 73.637532 | AC79: 8.728 | AD79: 3.18 | AE79: =TRUNC(AB79*AC79,2) -> 642.7 | AF79: =TRUNC(AB79*AD79,2) -> 234.16
A80: 73 | B80: PONTE CÓRREGO LIMPO | C80: CG 040 | D80: -20º 20'13'', -54º 42'44'' | E80: 17.7 | F80: 4.5 | G80: 4.5 | H80: =ROUNDUP((E80/6)+1,0) -> 4 | I80: =H80*3.5 -> 14 | J80: =E80*F80*G80 -> 358.425 | K80: =E80-L80 -> 17.7 | L80: 0 | M80: =((3*G80*2)+(F80*G80)) -> 47.25 | N80: =(14.03*G80)*2 -> 126.27 | O80: =(14.03*G80)*2 -> 126.27 | P80: =E80 -> 17.7 | Q80: =E80 -> 17.7 | R80: =Q80 -> 17.7 | S80: =0.578*H80*1.53 -> 3.53736 | T80: =0.3*I80*1.53 -> 6.426 | U80: =0.675*K80*1.53 -> 18.279675 | V80: =0.675*L80*1.53 -> 0 | W80: =0.114*M80*1.53 -> 8.241345 | X80: =0.27*P80*1.53 -> 7.31187 | Y80: =0.144*Q80*1.53 -> 3.899664 | Z80: =0.045*R80*1.53 -> 1.218645 | AA80: =0.05*J80 -> 17.92125 | AB80: =SUM(S80:AA80) -> 66.835809 | AC80: 14.422 | AD80: 7.152 | AE80: =TRUNC(AB80*AC80,2) -> 963.9 | AF80: =TRUNC(AB80*AD80,2) -> 478
A81: 74 | B81: PONTE CÓRREGO RIBEIRÃO DO LONTRA | C81: CG 482 | D81: -21º 26'44'', -53º 37'49'' | E81: 30 | F81: 4.5 | G81: 5 | H81: =ROUNDUP((E81/6)+1,0)*G81 -> 30 | I81: =H81*3.5 -> 105 | J81: =E81*F81*G81 -> 675 | K81: =E81-L81 -> 30 | L81: 0 | M81: =((3*G81*2)+(F81*G81)) -> 52.5 | N81: =(14.03*G81)*2 -> 140.3 | O81: =(14.03*G81)*2 -> 140.3 | P81: =E81 -> 30 | Q81: =E81 -> 30 | R81: =Q81 -> 30 | S81: =0.578*H81*1.53 -> 26.5302 | T81: =0.3*I81*1.53 -> 48.195 | U81: =0.675*K81*1.53 -> 30.9825 | V81: =0.675*L81*1.53 -> 0 | W81: =0.114*M81*1.53 -> 9.15705 | X81: =0.27*P81*1.53 -> 12.393 | Y81: =0.144*Q81*1.53 -> 6.6096 | Z81: =0.045*R81*1.53 -> 2.0655 | AA81: =0.05*J81 -> 33.75 | AB81: =SUM(S81:AA81) -> 169.68285 | AC81: 136.216 | AD81: 42.6 | AE81: =TRUNC(AB81*AC81,2) -> 23113.51 | AF81: =TRUNC(AB81*AD81,2) -> 7228.48
A82: 75 | B82: PONTE RIO ANHANDUÍ | C82: CG 342 RAMAL 1 | D82: -21º 7'16'', -54º 20'19'' | E82: 44.5 | F82: 4.5 | G82: 5.6 | H82: =ROUNDUP((E82/6)+1,0)*G82 -> 50.4 | I82: =H82*3.5 -> 176.4 | J82: =E82*F82*G82 -> 1121.4 | K82: =E82-L82 -> 44.5 | L82: 0 | M82: =((3*G82*2)+(F82*G82)) -> 58.8 | N82: =(14.03*G82)*2 -> 157.136 | O82: =(14.03*G82)*2 -> 157.136 | P82: =E82 -> 44.5 | Q82: =E82 -> 44.5 | R82: =Q82 -> 44.5 | S82: =0.578*H82*1.53 -> 44.570736 | T82: =0.3*I82*1.53 -> 80.9676 | U82: =0.675*K82*1.53 -> 45.957375 | V82: =0.675*L82*1.53 -> 0 | W82: =0.114*M82*1.53 -> 10.255896 | X82: =0.27*P82*1.53 -> 18.38295 | Y82: =0.144*Q82*1.53 -> 9.80424 | Z82: =0.045*R82*1.53 -> 3.063825 | AA82: =0.05*J82 -> 56.07 | AB82: =SUM(S82:AA82) -> 269.07262 | AC82: 77.778 | AD82: 15.286 | AE82: =TRUNC(AB82*AC82,2) -> 20927.93 | AF82: =TRUNC(AB82*AD82,2) -> 4113.04
A83: 76 | B83: PONTE RIO ANHANDUÍ | C83: CG 284 | D83: -21°33'49" -53°52'24" | E83: 60 | F83: 4.5 | G83: 6 | H83: =ROUNDUP((E83/6)+1,0)*G83 -> 66 | I83: =H83*3.5 -> 231 | J83: =E83*F83*G83 -> 1620 | K83: =E83-L83 -> 60 | L83: 0 | M83: =((3*G83*2)+(F83*G83)) -> 63 | N83: =(14.03*G83)*2 -> 168.36 | O83: =(14.03*G83)*2 -> 168.36 | P83: =E83 -> 60 | Q83: =E83 -> 60 | R83: =Q83 -> 60 | S83: =0.578*H83*1.53 -> 58.36644 | T83: =0.3*I83*1.53 -> 106.029 | U83: =0.675*K83*1.53 -> 61.965 | V83: =0.675*L83*1.53 -> 0 | W83: =0.114*M83*1.53 -> 10.98846 | X83: =0.27*P83*1.53 -> 24.786 | Y83: =0.144*Q83*1.53 -> 13.2192 | Z83: =0.045*R83*1.53 -> 4.131 | AA83: =0.05*J83 -> 81 | AB83: =SUM(S83:AA83) -> 360.4851 | AC83: 175.015 | AD83: 3.912 | AE83: =TRUNC(AB83*AC83,2) -> 63090.29 | AF83: =TRUNC(AB83*AD83,2) -> 1410.21
A84: 77 | B84: PONTE RIO ANHANDUÍ | C84: CG 286 | D84: -21°33'55.36" -53°39'14.29" | E84: 60 | F84: 4.5 | G84: 6 | H84: =ROUNDUP((E84/6)+1,0)*G84 -> 66 | I84: =H84*3.5 -> 231 | J84: =E84*F84*G84 -> 1620 | K84: =E84-L84 -> 60 | L84: 0 | M84: =((3*G84*2)+(F84*G84)) -> 63 | N84: =(14.03*G84)*2 -> 168.36 | O84: =(14.03*G84)*2 -> 168.36 | P84: =E84 -> 60 | Q84: =E84 -> 60 | R84: =Q84 -> 60 | S84: =0.578*H84*1.53 -> 58.36644 | T84: =0.3*I84*1.53 -> 106.029 | U84: =0.675*K84*1.53 -> 61.965 | V84: =0.675*L84*1.53 -> 0 | W84: =0.114*M84*1.53 -> 10.98846 | X84: =0.27*P84*1.53 -> 24.786 | Y84: =0.144*Q84*1.53 -> 13.2192 | Z84: =0.045*R84*1.53 -> 4.131 | AA84: =0.05*J84 -> 81 | AB84: =SUM(S84:AA84) -> 360.4851 | AC84: 193.689 | AD84: 7.448 | AE84: =TRUNC(AB84*AC84,2) -> 69821.99 | AF84: =TRUNC(AB84*AD84,2) -> 2684.89
A85: 78 | B85: PONTE RIO ANHANDUÍ | C85: CG 342 | D85: -21º24'7", -54º7'52" | E85: 59 | F85: 4.5 | G85: 6 | H85: =ROUNDUP((E85/6)+1,0)*G85 -> 66 | I85: =H85*3.5 -> 231 | J85: =E85*F85*G85 -> 1593 | K85: =E85-L85 -> 59 | L85: 0 | M85: =((3*G85*2)+(F85*G85)) -> 63 | N85: =(14.03*G85)*2 -> 168.36 | O85: =(14.03*G85)*2 -> 168.36 | P85: =E85 -> 59 | Q85: =E85 -> 59 | R85: =Q85 -> 59 | S85: =0.578*H85*1.53 -> 58.36644 | T85: =0.3*I85*1.53 -> 106.029 | U85: =0.675*K85*1.53 -> 60.93225 | V85: =0.675*L85*1.53 -> 0 | W85: =0.114*M85*1.53 -> 10.98846 | X85: =0.27*P85*1.53 -> 24.3729 | Y85: =0.144*Q85*1.53 -> 12.99888 | Z85: =0.045*R85*1.53 -> 4.06215 | AA85: =0.05*J85 -> 79.65 | AB85: =SUM(S85:AA85) -> 357.40008 | AC85: 136.39 | AD85: 18.677 | AE85: =TRUNC(AB85*AC85,2) -> 48745.79 | AF85: =TRUNC(AB85*AD85,2) -> 6675.16
A86: 79 | B86: PONTE RIO ANHANDUÍ | C86: CG 494 | D86: -21º 14'13'', -54º 15'27'' | E86: 53 | F86: 4.5 | G86: 6 | H86: =ROUNDUP((E86/6)+1,0)*G86 -> 60 | I86: =H86*3.5 -> 210 | J86: =E86*F86*G86 -> 1431 | K86: =E86-L86 -> 53 | L86: 0 | M86: =((3*G86*2)+(F86*G86)) -> 63 | N86: =(14.03*G86)*2 -> 168.36 | O86: =(14.03*G86)*2 -> 168.36 | P86: =E86 -> 53 | Q86: =E86 -> 53 | R86: =Q86 -> 53 | S86: =0.578*H86*1.53 -> 53.0604 | T86: =0.3*I86*1.53 -> 96.39 | U86: =0.675*K86*1.53 -> 54.73575 | V86: =0.675*L86*1.53 -> 0 | W86: =0.114*M86*1.53 -> 10.98846 | X86: =0.27*P86*1.53 -> 21.8943 | Y86: =0.144*Q86*1.53 -> 11.67696 | Z86: =0.045*R86*1.53 -> 3.64905 | AA86: =0.05*J86 -> 71.55 | AB86: =SUM(S86:AA86) -> 323.94492 | AC86: 88.104 | AD86: 29.444 | AE86: =TRUNC(AB86*AC86,2) -> 28540.84 | AF86: =TRUNC(AB86*AD86,2) -> 9538.23
A87: 80 | B87: PONTE CÓRREGO MATEIRA | C87: CG 162 | D87: -20° 12'15.57", -54° 42'16.64" | E87: 24 | F87: 4.5 | G87: 7 | H87: =ROUNDUP((E87/6)+1,0)*G87 -> 35 | I87: =H87*3.5 -> 122.5 | J87: =E87*F87*G87 -> 756 | K87: =E87-L87 -> 24 | L87: 0 | M87: =((3*G87*2)+(F87*G87)) -> 73.5 | N87: =(14.03*G87)*2 -> 196.42 | O87: =(14.03*G87)*2 -> 196.42 | P87: =E87 -> 24 | Q87: =E87 -> 24 | R87: =Q87 -> 24 | S87: =0.578*H87*1.53 -> 30.9519 | T87: =0.3*I87*1.53 -> 56.2275 | U87: =0.675*K87*1.53 -> 24.786 | V87: =0.675*L87*1.53 -> 0 | W87: =0.114*M87*1.53 -> 12.81987 | X87: =0.27*P87*1.53 -> 9.9144 | Y87: =0.144*Q87*1.53 -> 5.28768 | Z87: =0.045*R87*1.53 -> 1.6524 | AA87: =0.05*J87 -> 37.8 | AB87: =SUM(S87:AA87) -> 179.43975 | AC87: 39.594 | AD87: 11.003 | AE87: =TRUNC(AB87*AC87,2) -> 7104.73 | AF87: =TRUNC(AB87*AD87,2) -> 1974.37
H89: =SUM(H8:H87) -> 991.5 | I89: =SUM(I8:I87) -> 3470.25 | J89: =SUM(J8:J87) -> 19556.798 | K89: =SUM(K8:K87) -> 1123.6 | L89: =SUM(L8:L87) -> 54 | M89: =SUM(M8:M87) -> 2380.875 | N89: =SUM(N8:N87) -> 6362.605 | O89: =SUM(O8:O87) -> 6362.605 | ... R89: =SUM(R8:R87) -> 1177.6 | AE89: =SUM(AE8:AE87) -> 477911.12 | AF89: =SUM(AF8:AF87) -> 99481.42
H91: 0.1 | I91: 0.06 | J91: 0.1 | K91: 0.1 | L91: 0.8 | M91: 0.2 | N91: 0.2 | O91: 0.2 | P91: 0.2 | Q91: 0.2 | R91: 0.2
E93: ESTEIO h<2 | G93: =SUM(H8:H35) -> 121.1 | H93: =G93*H91 -> 12.11 | I93: =I89*I91 -> 208.215 | J93: =J89*J91 -> 1955.6798 | K93: =K89*K91 -> 112.36 | L93: =L89*L91 -> 43.2 | M93: =M89*M91 -> 476.175 | N93: =N89*N91 -> 1272.521 | O93: =O89*O91 -> 1272.521 | P93: =P89*P91 -> 235.52 | ... R93: =R89*R91 -> 235.52
E94: ESTEIO H>2 | G94: =SUM(H36:H87) -> 870.4 | H94: =G94*H91 -> 87.04
G96: =SUM(G93:G94) -> 991.5 | H96: =SUM(H93:H94) -> 99.15
H99: DENSIDADE MADEIRA | J99: 1.53 | L99: DMT MEDIO | M99: DMT MEDIO
L101: =SUM(AC8:AC87)/80 -> 61.785113 | M101: =SUM(AD8:AD87)/80 -> 16.686175
H103: M³ / M
H105: ESTEIO | J105: 0.578 | L105: =$J$99*$J$105*$L$101*$H$96 -> 5417.4614 | M105: =$J$99*$J$105*$M$101*$H$96 -> 1463.0824
H106: BATE ESTACA | J106: =0.3 -> 0.3 | L106: =$J$99*$J$106*$L$101*$I$93 -> 5904.8455 | M106: =$J$99*$J$106*$M$101*$I$93 -> 1594.7092
H107: PONTE BRANCA | J107: 0.05 | L107: =$J$99*$J$107*$M$101*$J$93 -> 2496.4103 | M107: =$J$99*$J$107*$M$101*$J$93 -> 2496.4103
H108: VIGAMENTO SIMPLES | J108: 0.675 | L108: =$J$99*$J$108*$L$101*$K$93 -> 7169.5315 | M108: =$J$99*$J$108*$M$101*$K$93 -> 1936.2602
H109: VIGAMENTO ARMADO | J109: =J108 -> 0.675 | L109: =$J$99*$J$109*$L$101*$L$93 -> 2756.5304 | M109: =$J$99*$J$109*$M$101*$L$93 -> 744.45036
H110: CAIXÃO DE ATERRO | J110: 0.144 | L110: =$J$99*$J$110*$L$101*$M$93 -> 6481.9303 | M110: =$J$99*$J$110*$M$101*$M$93 -> 1750.5612
H111: ASSOALHO | J111: 0.27 | L111: =$J$99*$J$111*$L$101*$P$93 -> 6011.2782 | M111: =$J$99*$J$111*$M$101*$P$93 -> 1623.4532
H112: RODEIRO | J112: 0.144 | L112: =$J$99*$J$112*$L$101*$Q$93 -> 3206.0151 | M112: =$J$99*$J$112*$M$101*$Q$93 -> 865.84172
H113: GUIA DE RODAS | J113: 0.045 | L113: =$J$99*$J$113*$L$101*$R$93 -> 1001.8797 | M113: =$J$99*$J$113*$M$101*$R$93 -> 270.57554
L115: =SUM(L105:L113) -> 40445.882 | M115: =SUM(M105:M113) -> 12745.344
